Workbook
Name \: #REF!
Name \: #REF!
Name \0: #REF!
Name \0: #REF!
Name \a: #REF!
Name \a: #REF!
Name \B: #REF!
Name \C: #REF!
Name \d: #REF!
Name \e: #REF!
Name \G: #REF!
Name \I: #REF!
Name \M: #REF!
Name \N: #REF!
Name \N1: #REF!
Name \O: #REF!
Name \P: #REF!
Name \Q: #REF!
Name \R: #REF!
Name \S: #REF!
Name \U: #REF!
Name \V: #REF!
Name \x: #REF!
Name _: #REF!
Name ____________________________________________________________________________________can430: 40.73
Name ____________________________________________________________________________________can435: 43.3
Name ___________________________________________________________________________________bla1: [1]leads!$H$7
Name ___________________________________________________________________________________can430: 40.73
Name ___________________________________________________________________________________can435: 43.3
Name ___________________________________________________________________________________l1: [2]leads!$A$3:$E$108
Name ___________________________________________________________________________________l4: [3]Sheet1!$W$2:$Y$103
Name ___________________________________________________________________________________mm1: [4]r!$F$4
Name ___________________________________________________________________________________rr3: [5]v!$A$2:$E$51
Name ___________________________________________________________________________________rrr1: [5]r!$B$1:$I$145
Name ___________________________________________________________________________________SS12: [6]MRATES!$J$8
Name ___________________________________________________________________________________SS20: [6]MRATES!$J$9
Name ___________________________________________________________________________________SS40: [6]MRATES!$J$11
Name __________________________________________________________________________________can430: 40.73
Name __________________________________________________________________________________can435: 43.3
Name __________________________________________________________________________________cur1: [7]r!$F$30
Name __________________________________________________________________________________l2: [7]r!$F$29
Name __________________________________________________________________________________l6: [7]r!$F$4
Name __________________________________________________________________________________l7: [8]r!$F$4
Name __________________________________________________________________________________l8: [7]r!$F$2
Name __________________________________________________________________________________l9: [7]r!$F$3
Name __________________________________________________________________________________mm11: [7]r!$F$4
Name __________________________________________________________________________________mm111: [8]r!$F$4
Name _________________________________________________________________________________bla1: [1]leads!$H$7
Name _________________________________________________________________________________can430: 40.73
Name _________________________________________________________________________________can435: 43.3
Name _________________________________________________________________________________cur1: [7]r!$F$30
Name _________________________________________________________________________________l1: [2]leads!$A$3:$E$108
Name _________________________________________________________________________________l2: [7]r!$F$29
Name _________________________________________________________________________________l4: [3]Sheet1!$W$2:$Y$103
Name _________________________________________________________________________________l6: [7]r!$F$4
Name _________________________________________________________________________________l7: [8]r!$F$4
Name _________________________________________________________________________________l8: [7]r!$F$2
Name _________________________________________________________________________________l9: [7]r!$F$3
Name _________________________________________________________________________________mm1: [4]r!$F$4
Name _________________________________________________________________________________mm11: [7]r!$F$4

Sheet 0000000000000

Sheet 1000000000000

Sheet COVER
C4: GOVERNMENT OF ANDHRA PRADESH
B8: ROADS & BUILDINGS DEPARTMENT
B10: (R&B) Circle, Guntur
C12: “Widening and Strengthening of Bapatla – Pandurangapuram road fom Km 0/000 to 8/000 in Bapatla District”
C19: ESTIMATE AMOUNT
F20: Rs.1480.00 Lakhs
C25: Circle | I25: Guntur
C26: Constituency
C27: Division | D27: Division | I27: Bapatla
C28: Sub Division | I28: Bapatla
C29: Section | I29: Bapatla

Sheet TS MEMO
B1: Government of Andhra Pradesh Roads and Buildings Department Major District Roads
B3: TS Memo No: /MDR Plan/ENC(MDR) /DCE(R)/ EE(TEC) /DEE-IV /AEE,2025-26, Dated -02-2025.
B4: 1 | C4: Major Head of Account : | D4: 5054 - Capital outlay on Roads & Bridges
B5: 2 | C5: Minor Head of Account : | D5: 04- District and Other roads
B6: 3 | C6: Sub Head of Account : | D6: MH-337 - Road works
B7: 4 | C7: Detailed Head of Account : | D7: 11-State Develeoment Schemes S.H(09)- Major District Roads 530 - Major Works, 531- Major Works.
B8: 5 | C8: Name of the Work : | D8: =+COVER!C12 -> “Widening and Strengthening of Bapatla – Pandurangapuram road fom Km 0/000 to 8/000 in Bapatla District”
B9: 6 | C9: Amount of Estimate : | D9: 1480.00 Lakhs
B10: 7 | C10: Administrative Sanction : | D10: Administrative sanction is accorded for Rs.1520.00 Lakhs vide G.O RT No.665 of TR&B (R.III) Dept., Dt:24.12.2025. Govt of A.P.
B11: 8 | C11: Technical Sanction : | D11: Technical Sanction is hereby accorded for Rs.1480.00 lakhs ( Rupees Fourteen crores and Eighty lakhs only) based on SSR 2025-26.
B17: AEE DEE-IV EE(TEC) DCE(R) Engineer -in-Chief(R&B)
D18: Major District Roads

Sheet Gen Abs 2026-27
A1: GENERAL ABSTRACT
B2: =+COVER!C12 -> “Widening and Strengthening of Bapatla – Pandurangapuram road fom Km 0/000 to 8/000 in Bapatla District”
A4: S.No | B4: Description | C4: Amount in Rs
A5: I | B5: PART-A
A6: a | B6: Road Work | C6: =+'Abstrac- Road work'!E39 -> 89945075
A7: b | B7: CC pavement | C7: =+'Abstrac- CC Pavement'!E20 -> 16498859
A8: c | B8: Pipe Culverts | C8: =+'Abstract -Pipe Culvert'!E23 -> 3267248
A9: d | B9: Slab Culvert 2Vx 6m span | C9: =+'Abstract -Slab Culvert'!E81 -> 7172992
A10: e | B10: RSI | C10: =+RSI!E23 -> 2946611
B11: Total (ECV) | C11: =SUM(C6:C10) -> 119830785
A12: 2 | B12: LS Provision towards Seigniorage Charges+DMF+Merit | C12: =+Seig!L48 -> 8596500
A13: 3 | B13: LS Provision towards Price Adjustment | C13: 100000
B14: Sub total (1+2+3) | C14: =SUM(C11:C13) -> 128527285
A15: 4 | B15: LS Provision for Corpus Fund of NAC @ 0.1% on (1+2+3) | C15: =ROUNDUP(C14*0.1%,-2) -> 128600
B16: Sub total (1+2+3+4) | C16: =SUM(C14:C15) -> 128655885
A17: II | B17: PART-B
A18: 5 | B18: LS Provision towards GST @ 18% | C18: =ROUNDUP(C16*18%,-2) -> 23158100
A19: 6 | B19: LS Provision towards Quality Control Charges | C19: 400000
A20: 7 | B20: LS Provision towards Shifting of Electrical poles | C20: 550000
A21: 8 | B21: LS Provision towards Avagahana Sadassu | C21: 5000
A22: 9 | B22: LS Provision towards Unforeseen items & Rounding off | C22: =155000-486+300+1000-15112 -> 140702
B23: TOTAL | C23: =SUM(C16:C22) -> 152909687 | E23: =1529-1480 -> 49
B24: (Rupees Fourteeen Crores and Eighty lakhs Only) | E24: =+E23/1480*100 -> 3.3108108
A25: Technical Sanction is hereby accorded for Rs.1480.00 Lakhs (Rupees Fourteeen Crores and Eighty lakhs Only) which is based on the SSR 2025-26, against the Administrative Sanction accorded for Rs.1520.00 Lakhs vide G.O RT No.6658 of TR&B (R.III) Dept., Dt: 24.12.2025. Govt of A.P.
A28: AEE | B28: DEE-IV EE(TEC) DCE(R) Engineer-in-Chief (R&B)
B29: Major District Roads

Sheet Slab Culvert
A1: SLAB CULVERT DETAILED CUM ABSTRACT ESTIMATE | O1: SLAB CULVERT DETAILED CUM ABSTRACT ESTIMATE
A2: Name of work: | C2: Improvements to Uppuluru - Madduru road from Km.0.000 to 4.650 in Krishna District. | O2: Name of work: | Q2: Improvements to Uppuluru - Madduru road from Km.0.000 to 4.200 & 4.650 to 10.825 in Krishna District. ( Working reach from Km 0/0 to 4/2)
C3: Reconstruction of Slab Culvert in km 2/6, 3/6, 3/10 ( 1 Vent of 2.00 m) | O3: Sub- work: | Q3: Reconstruction of Slab Culvert in km 2/6, 3/6, 3/10 ( 1 Vent of 3.00 m)
A4: S. No | B4: Description of Item | D4: Measurements | J4: Quantity | K4: Rate | L4: Amount | O4: S. No | P4: Description of Item | R4: Measurements | X4: Quantity | Y4: Rate | Z4: Amount
D5: No | G5: L | H5: B | I5: D | R5: No | U5: L | V5: B | W5: D
A6: 1 | B6: 2 | D6: 3 | G6: 4 | H6: 5 | I6: 6 | J6: 7 | K6: 8 | L6: 9 | O6: 1 | P6: 2 | R6: 3 | U6: 4 | V6: 5 | W6: 6 | X6: 7 | Y6: 8 | Z6: 9
A7: 1 | B7: Dismantling of existing structures like culverts , bridges, retaining walls and other structures comprising of masonry, cement, concrete, wood work , steel work, including T&P and scaffolding wherever necessary sorting the dismantled material, disposal of unserviceable materials and stacking the materials with all lifts and lead of 1000 m ( By Mechanical means in Cement concrete grade M-15 & M-20) as per MoRTH specification 202 , 2.4 II (A) (5th revision) | O7: 1 | P7: Dismantling of existing structures like culverts , bridges, retaining walls and other structures comprising of masonry, cement, concrete, wood work , steel work, including T&P and scaffolding wherever necessary sorting the dismantled material, disposal of unserviceable materials and stacking the materials with all lifts and lead of 1000 m ( By Mechanical means in Cement concrete grade M-15 & M-20) as per MoRTH specification 202 , 2.4 II (A) (5th revision)
B8: For foundation | D8: 3 | E8: x | F8: 1 | G8: 5.6 | H8: 6 | I8: 0.5 | J8: =I8*H8*G8*F8*D8 -> 50.4 | P8: For foundation | R8: 3 | S8: x | T8: 1 | U8: 5.6 | V8: 6 | W8: 0.5 | X8: =W8*V8*U8*T8*R8 -> 50.4
J9: =SUM(J8:J8) -> 50.4 | X9: =SUM(X8:X8) -> 50.4
I10: say | J10: =ROUNDUP(J9,0) -> 51 | K10: ='[659]Road data'!J1600 -> 856 | L10: =ROUND(J10*K10,0) -> 43656 | W10: say | X10: =ROUNDUP(X9,0) -> 51 | Y10: ='[659]Road data'!X1600 -> 0 | Z10: =ROUND(X10*Y10,0) -> 0
J11: cum | K11: Cum | X11: cum | Y11: Cum
A13: 2 | B13: Dismantling of existing structures like Stone Masonry in Cement Mortar by mechanical means including T&P and scaffolding wherever necessary sorting the dismantled material, disposal of unserviceable materials and stacking the materials with all lifts and lead of 1000 m as per MoRTH specification 202 , 2.4 III (B) (5th revision) | O13: 2 | P13: Dismantling of existing structures like Stone Masonry in Cement Mortar by mechanical means including T&P and scaffolding wherever necessary sorting the dismantled material, disposal of unserviceable materials and stacking the materials with all lifts and lead of 1000 m as per MoRTH specification 202 , 2.4 III (B) (5th revision)
B14: For abutments | C14: km.0/10 | D14: 3 | E14: x | F14: 2 | G14: 5.6 | H14: 1.2 | I14: 3 | J14: =I14*H14*G14*F14*D14 -> 120.96 | P14: For abutments | Q14: km.0/10 | R14: 3 | S14: x | T14: 2 | U14: 5.6 | V14: 1.2 | W14: 1.3 | X14: =W14*V14*U14*T14*R14 -> 52.416
J15: =SUM(J14:J14) -> 120.96 | X15: =SUM(X14:X14) -> 52.416
I16: say | J16: =ROUNDUP(J15,0) -> 121 | K16: ='[659]Road data'!J1620 -> 578 | L16: =ROUND(J16*K16,0) -> 69938 | W16: say | X16: =ROUNDUP(X15,0) -> 53 | Y16: ='[659]Road data'!X1620 -> 0 | Z16: =ROUND(X16*Y16,0) -> 0
J17: cum | K17: Cum | X17: cum | Y17: Cum
A19: 3 | B19: Dismantling of existing structures like Prestressed / reinforced Cement contrete grade M-20 & above by mechanical means including T&P and scaffolding wherever necessary sorting the dismantled material, disposal of unserviceable materials and stacking the materials with all lifts and lead of 1000 m as per MoRTH specification 202 , 2.4 II (B) (5th revision) | O19: 3 | P19: Dismantling of existing structures like Prestressed / reinforced Cement contrete grade M-20 & above by mechanical means including T&P and scaffolding wherever necessary sorting the dismantled material, disposal of unserviceable materials and stacking the materials with all lifts and lead of 1000 m as per MoRTH specification 202 , 2.4 II (B) (5th revision)
B20: For deck slab | C20: km.0/10 | D20: 3 | E20: x | F20: 1 | G20: 3.2 | H20: 6 | I20: 0.5 | J20: =I20*H20*G20*F20*D20 -> 28.8 | P20: For deck slab | Q20: km.0/10 | R20: 3 | S20: x | T20: 1 | U20: 3.2 | V20: 6 | W20: 0.5 | X20: =W20*V20*U20*T20*R20 -> 28.8
J21: =SUM(J20:J20) -> 28.8 | X21: =SUM(X20:X20) -> 28.8
I22: say | J22: =ROUNDUP(J21,0) -> 29 | K22: ='[659]Road data'!J1643 -> 1498 | L22: =ROUND(J22*K22,0) -> 43442 | W22: say | X22: =ROUNDUP(X21,0) -> 29 | Y22: ='[659]Road data'!X1643 -> 0 | Z22: =ROUND(X22*Y22,0) -> 0
J23: cum | K23: Cum | X23: cum | Y23: Cum
A25: 4 | B25: Earthwork excavation in soils upto SDR by mechanical means including trimming bottom and side slopes in accordance with requirements of lines , grades and cross sections etc., complete for finished item of work for trench cutting as per MoRT&H specification 301(5th Revision) and as directed by the Engineer-in-Charge | O25: 4 | P25: Earthwork excavation in soils upto SDR by mechanical means including trimming bottom and side slopes in accordance with requirements of lines , grades and cross sections etc., complete for finished item of work for trench cutting as per MoRT&H specification 301(5th Revision) and as directed by the Engineer-in-Charge
B26: For foundation | C26: km.0/10 | D26: 3 | E26: x | F26: 1 | G26: 7 | H26: 10.6 | I26: 1.5 | J26: =I26*H26*G26*F26*D26 -> 333.9 | P26: For foundation | Q26: km.0/10 | R26: 3 | S26: x | T26: 2 | U26: 2.65 | V26: 10.6 | W26: 2.45 | X26: =W26*V26*U26*T26*R26 -> 412.923
B27: For wing walls | C27: km.0/10 | D27: 3 | E27: x | F27: 4 | G27: 2.5 | H27: 2.65 | I27: 1.5 | J27: =I27*H27*G27*F27*D27 -> 119.25 | P27: For wing walls | Q27: km.0/10 | R27: 3 | S27: x | T27: 4 | U27: 2.4 | V27: 1.93 | W27: 2.5 | X27: =W27*V27*U27*T27*R27 -> 138.96
J28: =SUM(J26:J27) -> 453.15 | X28: =SUM(X26:X27) -> 551.883
I29: say | J29: =ROUNDUP(J28,0) -> 454 | K29: ='[659]Pipe Culvert'!I12 -> 128.4 | L29: =ROUND(J29*K29,0) -> 58294 | W29: say | X29: =ROUNDUP(X28,0) -> 552 | Y29: ='[659]Pipe Culvert'!W12 -> 0 | Z29: =ROUND(X29*Y29,0) -> 0
J30: cum | K30: Cum | X30: cum | Y30: Cum
A31: 5 | B31: Sand filling in foundation including cost and conveyence of all materials to site and watering, tamping etc., complete for finshed item of work as per MoRT&H specification 304 (5th Revision) and as directed by the Engineer - in - Charge. | O31: 5 | P31: Sand filling in foundation including cost and conveyence of all materials to site and watering, tamping etc., complete for finshed item of work as per MoRT&H specification 304 (5th Revision) and as directed by the Engineer - in - Charge.
B32: For foundation | C32: km.0/10 | D32: 3 | E32: x | F32: 1 | G32: 7 | H32: 10.6 | I32: 0.15 | J32: =I32*H32*G32*F32*D32 -> 33.39 | P32: For foundation | Q32: km.0/10 | R32: 3 | S32: x | T32: 2 | U32: 2.65 | V32: 10.6 | W32: 0.15 | X32: =W32*V32*U32*T32*R32 -> 25.281
B33: For wing walls | C33: km.0/10 | D33: 3 | E33: x | F33: 4 | G33: 2.5 | H33: 2.65 | I33: 0.15 | J33: =I33*(2.65+1.65)/2*G33*F33*D33 -> 9.675 | P33: For wing walls | Q33: km.0/10 | R33: 3 | S33: x | T33: 4 | U33: 2.4 | V33: 1.93 | W33: 0.15 | X33: =W33*V33*U33*T33*R33 -> 8.3376
J34: =SUM(J32:J33) -> 43.065 | X34: =SUM(X32:X33) -> 33.6186
I35: say | J35: =ROUNDUP(J34,0) -> 44 | K35: ='[659]Pipe Culvert'!I22 -> 469 | L35: =ROUND(J35*K35,0) -> 20636 | W35: say | X35: =ROUNDUP(X34,0) -> 34 | Y35: ='[659]Pipe Culvert'!W22 -> 0 | Z35: =ROUND(X35*Y35,0) -> 0
J36: cum | K36: Cum | X36: cum | Y36: Cum
A38: 6 | B38: Providing Vibrated Cement Concrete (1:3:6) mix using 40mm size HBG crushed stone aggregate and fine aggregate conforming to table 1000-2 of MoRT&H including cost, conveyance of all materials to site and labour charges, centering, machine mixing, laying, Vibrating, curing etc., including all other incidental and operational charges of all T&P etc., complete for finished item of work as per MoRT&H specification 1500,1700, 2100 (5th Revision) and as directed by the Engineer-in-Charge for foundation. | O38: 6 | P38: Providing Vibrated Cement Concrete (1:3:6) mix using 40mm size HBG crushed stone aggregate and fine aggregate conforming to table 1000-2 of MoRT&H including cost, conveyance of all materials to site and labour charges, centering, machine mixing, laying, Vibrating, curing etc., including all other incidental and operational charges of all T&P etc., complete for finished item of work as per MoRT&H specification 1500,1700, 2100 (5th Revision) and as directed by the Engineer-in-Charge for foundation.
B39: For foundation | C39: km.0/10 | D39: 3 | E39: x | F39: 1 | G39: 7 | H39: 10.6 | I39: 0.2 | J39: =I39*H39*G39*F39*D39 -> 44.52 | P39: For foundation | Q39: km.0/10 | R39: 3 | S39: x | T39: 2 | U39: 2.65 | V39: 10.6 | W39: 0.2 | X39: =W39*V39*U39*T39*R39 -> 33.708
B40: For wing walls | C40: km.0/10 | D40: 3 | E40: x | F40: 4 | G40: 2.5 | H40: 2.65 | I40: 0.4 | J40: =I40*(2.65+1.65)/2*G40*F40*D40 -> 25.8 | P40: For wing walls | Q40: km.0/10 | R40: 3 | S40: x | T40: 4 | U40: 2.4 | V40: 1.93 | W40: 0.2 | X40: =W40*V40*U40*T40*R40 -> 11.1168
J41: =SUM(J39:J40) -> 70.32 | X41: =SUM(X39:X40) -> 44.8248
I42: say | J42: =ROUNDUP(J41,0) -> 71 | K42: ='[659]Road data'!J696 -> 4794 | L42: =ROUND(J42*K42,0) -> 340374 | W42: say | X42: =ROUNDUP(X41,0) -> 45 | Y42: ='[659]Road data'!X696 -> 0 | Z42: =ROUND(X42*Y42,0) -> 0
J43: cum | X43: cum
A44: 7 | B44: Vibrated cement concrete M 15 Grade Concrete using 40mm , 20mm and 10mm size HBG crushed stone aggregate (Coarse aggregate conforming to table 1000-1 and fine aggregate conforming to table 1000-2) including cost and conveyance of all materials to site and all labour charges for machine mixing,laying in position, Compacting , Vibrating and curing including all other incidental and all other operational charges of T&P required etc., complete as per MoRT&H Specification 1500,1700, 2100 (5th Revision) for footings and Raft foundation . | O44: 7 | P44: Vibrated cement concrete M 15 Grade Concrete using 40mm , 20mm and 10mm size HBG crushed stone aggregate (Coarse aggregate conforming to table 1000-1 and fine aggregate conforming to table 1000-2) including cost and conveyance of all materials to site and all labour charges for machine mixing,laying in position, Compacting , Vibrating and curing including all other incidental and all other operational charges of T&P required etc., complete as per MoRT&H Specification 1500,1700, 2100 (5th Revision) for footings and Raft foundation .
B45: For Raft | D45: 3 | E45: x | F45: 1 | G45: 7 | H45: 10.6 | I45: 0.4 | J45: =I45*H45*G45*F45*D45 -> 89.04 | P45: For Raft | R45: 3 | S45: x | T45: 2 | U45: 2.25 | V45: 10.6 | W45: 0.2 | X45: =W45*V45*U45*T45*R45 -> 28.62
D46: 3 | E46: x | F46: 1 | G46: 6.2 | H46: 10.6 | I46: 0.4 | J46: =I46*H46*G46*F46*D46 -> 78.864 | R46: 3 | S46: x | T46: 2 | U46: 1.85 | V46: 10.6 | W46: 0.4 | X46: =W46*V46*U46*T46*R46 -> 47.064
D47: 3 | E47: x | F47: 2 | G47: 10.6 | H47: =+(2.8+2)/2 -> 2.4 | I47: 0.4 | J47: =I47*H47*G47*F47*D47 -> 61.056 | Q47: 1st footing | R47: 3 | S47: x | T47: 2 | U47: (1.85+1.45)/2 | V47: 10.6 | W47: 0.4 | X47: =W47*V47*T47*R47*(1.85+1.45)/2 -> 41.976
B48: For wing walls | D48: 3 | E48: x | F48: 4 | G48: 3.3 | H48: (2.25+1.75)/2 | I48: 0.4 | J48: =I48*G48*F48*D48*(2.25+1.75)/2 -> 31.68 | P48: For wing walls | R48: 3 | S48: x | T48: 4 | U48: 2.4 | V48: 1.53 | W48: 0.4 | X48: =W48*U48*T48*R48*V48 -> 17.6256
D49: 3 | E49: x | F49: 4 | G49: 3.3 | H49: (1.75+1.35)/2 | I49: 0.4 | J49: =I49*G49*F49*D49*(1.75+1.35)/2 -> 24.552 | R49: 3 | S49: x | T49: 4 | U49: 2.4 | V49: (1.53+1.13)/2 | W49: 0.4 | X49: =W49*U49*T49*R49*(1.53+1.13)/2 -> 15.3216
J50: =SUM(J45:J49) -> 285.192 | X50: =SUM(X45:X49) -> 150.6072
I51: say | J51: =ROUNDUP(J50,0) -> 286 | K51: ='[659]Road data'!J943 -> 5587 | L51: =ROUND(J51*K51,0) -> 1597882 | W51: say | X51: =ROUNDUP(X50,0) -> 151 | Y51: ='[659]Road data'!X943 -> 0 | Z51: =ROUND(X51*Y51,0) -> 0
J52: cum | X52: cum
A53: 8 | B53: Vibrated cement concrete M 15 Grade Concrete using 40mm , 20mm and 10mm size HBG crushed stone aggregate (Coarse aggregate conforming to table 1000-1 and fine aggregate conforming to table 1000-2) including cost and conveyance of all materials to site and all labour charges for machine mixing, laying in position,Compacting, Vibrating and curing including all other incidental and all other operational charges of T&P required etc., complete as per MoRT&H Specification 1500,1700, 2200 (5th Revision) for Sub structure . | O53: 8 | P53: Vibrated cement concrete M 15 Grade Concrete using 40mm , 20mm and 10mm size HBG crushed stone aggregate (Coarse aggregate conforming to table 1000-1 and fine aggregate conforming to table 1000-2) including cost and conveyance of all materials to site and all labour charges for machine mixing, laying in position,Compacting, Vibrating and curing including all other incidental and all other operational charges of T&P required etc., complete as per MoRT&H Specification 1500,1700, 2200 (5th Revision) for Sub structure .
B54: For abutment | D54: 3 | E54: x | F54: 2 | G54: (2.00+0.6)/2 | H54: (10.6+10)/2 | I54: 3 | J54: =D54*F54*(10.6+10)/2*I54*(2+0.6)/2 -> 241.02 | P54: For abutment | R54: 3 | S54: x | T54: 2 | U54: (1.45+0.8)/2 | V54: 10.6 | W54: 1.5 | X54: =R54*T54*V54*W54*(1.45+0.8)/2 -> 107.325
B55: For wing walls | D55: 3 | E55: x | F55: 4 | G55: (3.5+4)/2 | H55: (1.35+0.5)/2 | I55: (3.50+1.00)/2 | J55: =D55*F55*(3.5+4)/2*(3.5+1)/2*(1.35+0.5)/2 -> 93.65625 | P55: For wing walls | R55: 3 | S55: x | T55: 4 | U55: 2.4 | V55: (1.13+0.5)/2 | W55: 2.3 | X55: =R55*T55*U55*W55*(1.13+0.5)/2 -> 53.9856
B56: for Parapet walls | D56: 3 | E56: x | F56: 2 | G56: 3 | H56: 0.4 | I56: 0.5 | J56: =I56*G56*F56*D56*H56 -> 3.6 | P56: for Parapet walls | R56: 3 | S56: x | T56: 2 | U56: 7.5 | V56: 0.4 | W56: 0.5 | X56: =W56*U56*T56*R56*V56 -> 9
J57: =SUM(J54:J56) -> 338.27625 | X57: =SUM(X54:X56) -> 170.3106
I58: say | J58: =ROUNDUP(J57,0) -> 339 | K58: ='[659]Road data'!J973 -> 5910 | L58: =ROUND(J58*K58,0) -> 2003490 | W58: say | X58: =ROUNDUP(X57,0) -> 171 | Y58: ='[659]Road data'!X973 -> 0 | Z58: =ROUND(X58*Y58,0) -> 0
J59: cum | X59: cum
A60: 9 | B60: Vibrated reinforced cement concrete M 20 grade using 20mm & 10mm HBG crushed stone aggregate (Coarse aggregate conforming to table 1000-1 and fine aggregate conforming to table 1000-2) including cost, conveyance of all materials to site and labour charges, centering, machine mixing, laying, vibrating, curing etc., including other incidental hire and operational charges of all T&P as per approved drawings and as directed during execution but excluding cost of steel and its fabrication charges for finished item as per MoRT&H specification 1500,1600,1700 & 2200 (5th revision ) and as directed by the Engineer-in-Charge for Bed blocks & Backing walls (Sub-structure) | O60: 9 | P60: Vibrated reinforced cement concrete M 20 grade using 20mm & 10mm HBG crushed stone aggregate (Coarse aggregate conforming to table 1000-1 and fine aggregate conforming to table 1000-2) including cost, conveyance of all materials to site and labour charges, centering, machine mixing, laying, vibrating, curing etc., including other incidental hire and operational charges of all T&P as per approved drawings and as directed during execution but excluding cost of steel and its fabrication charges for finished item as per MoRT&H specification 1500,1600,1700 & 2200 (5th revision ) and as directed by the Engineer-in-Charge for Bed blocks & Backing walls (Sub-structure)
B61: Bed blocks | D61: 3 | E61: x | F61: 2 | G61: 10 | H61: 0.6 | I61: 0.3 | J61: =I61*H61*G61*F61*D61 -> 10.8 | P61: Bed blocks | R61: 3 | S61: x | T61: 2 | U61: 10 | V61: 0.75 | W61: 0.3 | X61: =W61*V61*U61*T61*R61 -> 13.5
B62: Backing walls | D62: 3 | E62: x | F62: 2 | G62: 10 | H62: 0.3 | I62: 0.55 | J62: =I62*H62*G62*F62*D62 -> 9.9 | P62: Backing walls | R62: 3 | S62: x | T62: 2 | U62: 10 | V62: 0.3 | W62: 0.45 | X62: =W62*V62*U62*T62*R62 -> 8.1
J63: =SUM(J61:J62) -> 20.7 | X63: =SUM(X61:X62) -> 21.6
I64: say | J64: =ROUNDUP(J63,0) -> 21 | K64: ='[659]Road data'!J1031 -> 6521 | L64: =ROUND(J64*K64,0) -> 136941 | W64: say | X64: =ROUNDUP(X63,0) -> 22 | Y64: ='[659]Road data'!X1031 -> 0 | Z64: =ROUND(X64*Y64,0) -> 0
J65: Cum | X65: Cum
A66: 10 | B66: Vibrated reinforced cement concrete M 20 grade using 20mm & 10mm HBG crushed stone aggregate (Coarse aggregate conforming to table 1000-1 and fine aggregate conforming to table 1000-2) including cost, conveyance of all materials to site and labour charges, centering, machine mixing, laying, vibrating, curing etc., including other incidental hire and operational charges of all T&P etc., complete as per approved drawings and as directed during execution but excluding cost of steel and its fabrication charges for finished item as per MoRT&H specification 1500,1600,1700 & 2300 (5th revision ) and as directed by the Engineer-in-Charge for Deck slab | O66: 10 | P66: Vibrated reinforced cement concrete M 20 grade using 20mm & 10mm HBG crushed stone aggregate (Coarse aggregate conforming to table 1000-1 and fine aggregate conforming to table 1000-2) including cost, conveyance of all materials to site and labour charges, centering, machine mixing, laying, vibrating, curing etc., including other incidental hire and operational charges of all T&P etc., complete as per approved drawings and as directed during execution but excluding cost of steel and its fabrication charges for finished item as per MoRT&H specification 1500,1600,1700 & 2300 (5th revision ) and as directed by the Engineer-in-Charge for Deck slab
B67: For Deck slab | D67: 3 | E67: x | F67: 1 | G67: 10 | H67: 2.6 | I67: 0.25 | J67: =I67*H67*G67*F67*D67 -> 19.5 | P67: For Deck slab | R67: 3 | S67: x | T67: 1 | U67: 10 | V67: 3.4 | W67: 0.375 | X67: =W67*V67*U67*T67*R67 -> 38.25
J69: =SUM(J67:J68) -> 19.5 | X69: =SUM(X67:X68) -> 38.25
I70: say | J70: =ROUNDUP(J69,0) -> 20 | K70: ='[659]Road data'!J1060 -> 7114 | L70: =ROUND(J70*K70,0) -> 142280 | W70: say | X70: =ROUNDUP(X69,0) -> 39 | Y70: ='[659]Road data'!X1060 -> 0 | Z70: =ROUND(X70*Y70,0) -> 0
J71: Cum | X71: Cum
A72: 11 | B72: Vibrated reinforced cement concrete M 30 grade using 20mm & 10mm HBG crushed stone aggregate (Coarse aggregate conforming to table 1000-1 and fine aggregate conforming to table 1000-2) including cost, conveyance of all materials to site and labour charges, centering, machine mixing, laying, vibrating, curing etc., including all other incidental and operational charges of all T&P etc., complete for finished item of work as per drawing BD/1-69( A) but excluding cost of steel and its fabrication charges as per MoRT&H specification 1500, 1600,1700, & 2702 (5th Revision) and as directed by the Engineer-in-Charge for wearing coat over Deck slab. | O72: 11 | P72: Vibrated reinforced cement concrete M 30 grade using 20mm & 10mm HBG crushed stone aggregate (Coarse aggregate conforming to table 1000-1 and fine aggregate conforming to table 1000-2) including cost, conveyance of all materials to site and labour charges, centering, machine mixing, laying, vibrating, curing etc., including all other incidental and operational charges of all T&P etc., complete for finished item of work as per drawing BD/1-69( A) but excluding cost of steel and its fabrication charges as per MoRT&H specification 1500, 1600,1700, & 2702 (5th Revision) and as directed by the Engineer-in-Charge for wearing coat over Deck slab.
B73: For wearing coat | D73: 3 | E73: x | F73: 1 | G73: 10 | H73: 2.6 | I73: 0.075 | J73: =I73*H73*G73*F73*D73 -> 5.85 | P73: For wearing coat | R73: 3 | S73: x | T73: 1 | U73: 10 | V73: 3.4 | W73: 0.075 | X73: =W73*V73*U73*T73*R73 -> 7.65
J75: =SUM(J73:J74) -> 5.85 | X75: =SUM(X73:X74) -> 7.65
I76: say | J76: =ROUNDUP(J75,0) -> 6 | K76: ='[659]Road data'!J1090 -> 6401 | L76: =ROUND(J76*K76,0) -> 38406 | W76: say | X76: =ROUNDUP(X75,0) -> 8 | Y76: ='[659]Road data'!X1090 -> 0 | Z76: =ROUND(X76*Y76,0) -> 0
J77: Cum | X77: Cum
A78: 12 | B78: Providing and laying of filter media using 50% of 150 mm IRC soling stone and 50 % of 40 mm HBG metal satisfying the requirements laid down in clause 2504.2.2 of MoRT&H specifications to athickness of not less than 600mm with smaller size towards the soil and bigger size towards the wall and provided over the entire surface behind the abutment, wing wall and return wall to the full height compacted to a firm condition including cost and conveyance and all labour charges as directed by the departmental officers as per drawing and Technical specifications as per clause 710.1.1 of IRC:78 and Clause 2200 of MoRT&H (5th Revision) for finished item of work. | O78: 12 | P78: Providing and laying of filter media using 50% of 150 mm IRC soling stone and 50 % of 40 mm HBG metal satisfying the requirements laid down in clause 2504.2.2 of MoRT&H specifications to athickness of not less than 600mm with smaller size towards the soil and bigger size towards the wall and provided over the entire surface behind the abutment, wing wall and return wall to the full height compacted to a firm condition including cost and conveyance and all labour charges as directed by the departmental officers as per drawing and Technical specifications as per clause 710.1.1 of IRC:78 and Clause 2200 of MoRT&H (5th Revision) for finished item of work.
B79: Behind abutments | D79: 3 | E79: x | F79: 2 | G79: 7 | H79: 0.6 | I79: 2.2 | J79: =D79*F79*G79*H79*I79 -> 55.44 | P79: Behind abutments | R79: 3 | S79: x | T79: 2 | U79: 12 | V79: 0.6 | W79: 2.3 | X79: =R79*T79*U79*V79*W79 -> 99.36
B80: Behind wing walls | D80: 3 | E80: x | F80: 4 | G80: (2.1+2.9)/2 | H80: 0.6 | I80: 2.3 | J80: =D80*F80*(2.1+2.9)/2*H80*I80 -> 41.4 | P80: Behind wing walls | R80: 3 | S80: x | T80: 4 | U80: (2.1+2.9)/2 | V80: 0.6 | W80: 2.3 | X80: =R80*T80*(2.1+2.9)/2*V80*W80 -> 41.4
J81: =SUM(J79:J80) -> 96.84 | X81: =SUM(X79:X80) -> 140.76
I82: say | J82: =ROUNDUP(J81,0) -> 97 | K82: ='[659]Road data'!J1292 -> 2156 | L82: =ROUND(J82*K82,0) -> 209132 | W82: say | X82: =ROUNDUP(X81,0) -> 141 | Y82: ='[659]Road data'!X1292 -> 0 | Z82: =ROUND(X82*Y82,0) -> 0
J83: Cum | K83: Cum | X83: Cum | Y83: Cum
A84: 13 | B84: Providing 25.4 mm thick Mastic pads for Expansion joints etc., complete for finished item of work. | O84: 13 | P84: Providing 25.4 mm thick Mastic pads for Expansion joints etc., complete for finished item of work.
B85: Backing walls | D85: 3 | E85: x | F85: 2 | G85: 10 | I85: 0.25 | J85: =I85*G85*F85*D85 -> 15 | P85: Backing walls | R85: 3 | S85: x | T85: 2 | U85: 12 | W85: 0.45 | X85: =W85*U85*T85*R85 -> 32.4
B86: Behind wing walls | D86: 3 | E86: x | F86: 4 | G86: (2.50+0.50)/2 | I86: 3.325 | J86: =D86*F86*(2.5+0.5)/2*I86 -> 59.85 | P86: Behind wing walls | R86: 3 | S86: x | T86: 4 | U86: (2.50+0.50)/2 | W86: 3.325 | X86: =R86*T86*(2.5+0.5)/2*W86 -> 59.85
J87: =SUM(J85:J86) -> 74.85 | X87: =SUM(X85:X86) -> 92.25
B88: MAT-001592 SOR 2024-25 | I88: say | J88: =ROUNDUP(J87,0) -> 75 | K88: 923 | L88: =ROUND(J88*K88,0) -> 69225 | P88: MAT-001592 SOR 2024-25 | W88: say | X88: =ROUNDUP(X87,0) -> 93 | Y88: 923 | Z88: =ROUND(X88*Y88,0) -> 85839
J89: sqm | K89: 1 sqm | X89: sqm | Y89: 1 sqm
A90: 14 | B90: Providing weep holes in VCC Abutments, Return walls and wing walls with 100mm Diameter AC pipe extending through the full width of the structure at 1.00m C/C in both horizontal and vertical direction so that the weep holes in each horizontal direction is staggered from the weep holes laying above and below lines as shown in drawing including cost and conveyance of the A.C pipes and labour charges for cutting to required length, placing the pipe with a slope of about 1V : 20H towards stream side face etc., complete for finished item of work for weep holes as per MoRT&H specification 2706 & 2200 (5th Revision) | O90: 14 | P90: Providing weep holes in VCC Abutments, Return walls and wing walls with 100mm Diameter AC pipe extending through the full width of the structure at 1.00m C/C in both horizontal and vertical direction so that the weep holes in each horizontal direction is staggered from the weep holes laying above and below lines as shown in drawing including cost and conveyance of the A.C pipes and labour charges for cutting to required length, placing the pipe with a slope of about 1V : 20H towards stream side face etc., complete for finished item of work for weep holes as per MoRT&H specification 2706 & 2200 (5th Revision)
B91: for abutment | D91: 3 | E91: x | F91: 2 | G91: 2*10 | H91: 2.2 | J91: =D91*F91*2*10*H91 -> 264 | P91: for abutment | R91: 3 | S91: x | T91: 2 | U91: 2*13 | V91: 1.1 | X91: =R91*T91*2*13*V91 -> 171.6
B92: for wing walls | D92: 3 | E92: x | F92: 4 | G92: 2*4 | H92: 1.1 | J92: =D92*F92*2*4*H92 -> 105.6 | P92: for wing walls | R92: 3 | S92: x | T92: 4 | U92: 2*4 | V92: 1.1 | X92: =R92*T92*2*4*V92 -> 105.6
J93: =SUM(J91:J92) -> 369.6 | X93: =SUM(X91:X92) -> 277.2
I94: say | J94: =ROUNDUP(J93,0) -> 370 | K94: ='[659]Road data'!J1745 -> 431 | L94: =ROUND(J94*K94,0) -> 159470 | W94: say | X94: =ROUNDUP(X93,0) -> 278 | Y94: ='[659]Road data'!X1745 -> 0 | Z94: =ROUND(X94*Y94,0) -> 0
J95: RM | K95: 1 RM | X95: RM | Y95: 1 RM
A96: 15 | B96: Providing HYSD bars ( Fe-415 ) of different diameters, wrought and put up bars of all diameters including cost and conveyance of steel to site and all labour charges for fabrication of reinforcement including cutting, bending, binding rods, tying grills, placing them in position etc., complete including cost and conveyance of binding wire and all handling charges and operational charges etc., and including over lapping welding if required etc., complete for all R.C.C items for finished item of work as per standard drawings, as per the directions of the Engineer-in-Charge and as per MoRT&H specification 1600 & 2300 (5th revision) and as per I.S.1786 of 1985 for sub structure of R.C.C items. | O96: 15 | P96: Providing HYSD bars ( Fe-415 ) of different diameters, wrought and put up bars of all diameters including cost and conveyance of steel to site and all labour charges for fabrication of reinforcement including cutting, bending, binding rods, tying grills, placing them in position etc., complete including cost and conveyance of binding wire and all handling charges and operational charges etc., and including over lapping welding if required etc., complete for all R.C.C items for finished item of work as per standard drawings, as per the directions of the Engineer-in-Charge and as per MoRT&H specification 1600 & 2300 (5th revision) and as per I.S.1786 of 1985 for Super structure of R.C.C items.
B97: For Bed Blocks & Backing walls | G97: =J64 -> 21 | H97: 100 | J97: =21*0.1 -> 2.1 | P97: For Bed Blocks & Backing walls | U97: 22 cum | V97: *120kg/cum | X97: =22*0.12 -> 2.64
B98: For deck slab as per SD/107 | E98: x | F98: 1 | G98: 20 | H98: 120 | J98: =20*0.12 -> 2.4 | P98: For deck slab as per SD/107 | R98: 3 | S98: x | T98: 1 | U98: 0.835 | X98: =R98*T98*U98 -> 2.505
J99: =SUM(J97:J98) -> 4.5 | X99: =SUM(X97:X98) -> 5.145
J100: =ROUND(J99,2) -> 4.5 | K100: ='[659]Road data'!J1332 -> 77049 | L100: =ROUND(J100*K100,0) -> 346721 | X100: =ROUND(X99,2) -> 5.15 | Y100: ='[659]Road data'!X1332 -> 0 | Z100: =ROUND(X100*Y100,0) -> 0
J101: MT | K101: 1 MT | X101: MT | Y101: 1 MT
A103: 16 | B103: Back filling behind Abutments with gravel including cost ,conveyance of all materials to site etc., complete as per Clause 710.1.4 of IRC : 78 and as per MoRT&H Specification No. 2200 (5th Revision) and as per Drawing and technical specifications for finished item of work | O103: 16 | P103: Back filling behind Abutments with gravel including cost ,conveyance of all materials to site etc., complete as per Clause 710.1.4 of IRC : 78 and as per MoRT&H Specification No. 2200 (5th Revision) and as per Drawing and technical specifications for finished item of work
B104: Behind abutments and wing walls | D104: 3 | E104: x | F104: 2 | G104: 7 | H104: (1.2+0.6)/2 | I104: 4.2 | J104: =D104*F104*G104*(1.2+0.6)/2*I104 -> 158.76 | P104: Behind abutments and wing walls | R104: 3 | S104: x | T104: 2 | U104: 8.2 | V104: (1.5+2.3)/2 | W104: 2.875 | X104: =R104*T104*U104*(1.5+2.3)/2*W104 -> 268.755
J105: =SUM(J104:J104) -> 158.76 | X105: =SUM(X104:X104) -> 268.755
I106: say | J106: =ROUNDUP(J105,0) -> 159 | K106: ='[659]Road data'!J1265 -> 1174 | L106: =ROUND(J106*K106,0) -> 186666 | W106: say | X106: =ROUNDUP(X105,0) -> 269 | Y106: ='[659]Road data'!X1265 -> 0 | Z106: =ROUND(X106*Y106,0) -> 0
J107: Cum | K107: 1 Cum | X107: Cum | Y107: 1 Cum
...

Sheet Abstrac- Road work
A1: =+COVER!C12 -> “Widening and Strengthening of Bapatla – Pandurangapuram road fom Km 0/000 to 8/000 in Bapatla District”
A2: ABSTRACT E S T I M A T E- Road Work
A3: Sl. No | B3: Description of item | C3: Quantity | D3: Rate /Per | E3: Amount in Rs.
B5: BT Road
A6: 1 | B6: Forming embankment with Side earth by mechanical means upto SDR including pre-watering of soil , removal of top soil, excavation of soils , depositing the soils on the embankment, spreading soil, breaking clods, sectioning , grading and consolidation with 8 to 10 Tonnes Vibratory Road Roller @ OMC to meet requirement of table 300-2 of MoRT&H, including all hire and operational charges of T&P, complete for finished item of work as per MoRT&H specification 305 (5th revision) (Payment will be made based on level for finished item of work).
C7: 20115 | D7: =+'Road data'!J25 -> 206 | E7: =ROUND(D7*C7,0) -> 4143690
C8: Cum | D8: Cum
A9: 2 | B9: Forming embankment with borrowed useful earth from outside road boundary by mechanical means upto SDR with all leads and lifts including pre-watering of soil at borrow area, removal of top soil, excavation of soils at borrowed area, conveyance of soil, depositing the soil on the embankment, spreading soil, breaking clods, sectioning, grading and consolidation with 8 to 10 Tonnes Vibratory Road Roller @ OMC to meet requirement of table 300-2 of MoRT&H, including all hire and operational charges of T&P , complete for finished item of work as per MoRT&H specification 305 (5th revision) (Payment will be made based on level for finished item of work).
C10: 6323 | D10: =+'Road data'!J49 -> 1093 | E10: =ROUND(D10*C10,0) -> 6911039
A12: 3 | B12: Scarifying the existing B.T surface to a depth of 50 mm by Mechanical means and disposal of scarified material with all leads and lifts upto 1000 Mtrs as per MoRT&H (5th Revision) Specn. No.305.4.3
C13: 31734 | D13: =+'Road data'!J165 -> 11.2 | E13: =ROUND(D13*C13,0) -> 355421
C14: Sqm | D14: Sqm
A15: 4 | B15: Construction of Granular sub-base by providing HBG material confirming to Grading - V of MoRT&H Table 400-1 including cost and conveyance of all materials to work site and spreading in uniform layers with motor grader or by approved means, on prepared surface mixing by mix in place method with Rotavator / approved means at OMC and compacting with vibratory roller to achieve the desired density etc., complete for finished item of work as per MoRT&H Specification 401 (5th revision) and as directed by the Engineer-in-charge.
A16: 6 | C16: 3165 | D16: =+'Road data'!J145 -> 2984 | E16: =ROUND(D16*C16,0) -> 9444360
C17: Cum | D17: Cum
A18: 5 | B18: Providing, Laying, Spreading and compacting graded HBG crushed stone aggregate to Wet Mix macadem specification ( 5th Revision) as per Table 400-13, including cost of all materials and including premixing the material with water at OMC in Mechanical mix plant carriage of mixed material by tipper to site , laying in uniform layers with paver in base courses on well prepared surface and compacting with Vibratory roller to acheive the desired density etc., as directed by the Engineer-in-Charge and as per MoRT&H specification.406 (5th revision) for finished item of work.
C19: 7767 | D19: =+'Road data'!J197 -> 3249 | E19: =ROUND(D19*C19,0) -> 25234983
C20: Cum | D20: Cum
A21: 6 | B21: Providing and applying prime coat with bitumen emulsion (SS1) Bulk using emulsion pressure distributor on prepared surface of granular base including clearing of road surface and spraying emulsion at the rate of 0.70 kg/sqm using emulsion pressure distributor for finished item of work etc., complete as per MoRT&H Specification 502 (5th revision) and as directed by the Engineer-in-charge
C22: 40853 | D22: =+'Road data'!J221 -> 41.2 | E22: =ROUND(D22*C22,0) -> 1683144
C23: Sqm | D23: Sqm
A24: 7 | B24: Providing and applying tack coat with bitumen VG-10 (Bulk) using Bitumen pressure distributor at the rate of 0.25 kgs per sqm on the prepared Granular surface treated with primer cleaned with mechanical broom for finished item of work as per MoRT&H Specification 503 (5th revision) and as directed by the Engineer-in-Charge.
C25: 40853 | D25: =+'Road data'!J269 -> 16.2 | E25: =ROUND(D25*C25,0) -> 661819
C26: Sqm | D26: Sqm
A27: 8 | B27: Providing and applying tack coat with bitumen VG-10 (Bulk) using Bitumen pressure distributor at the rate of 0.20 kgs per sqm on the prepared bituminous surface cleaned with mechanical broom for finished item of work as per MoRT&H Specification 503 (5th revision) and as directed by the Engineer-in-Charge.
C28: 47684 | D28: =+'Road data'!J245 -> 13.5 | E28: =ROUND(D28*C28,0) -> 643734
C29: Sqm | D29: Sqm
A30: 9 | B30: Providing and laying of 50mm thick Bituminous Macadam with 100 -120 TPH hot mix plant producing an average output of 75 tonnes per hour using hard blasted granite crushed aggregates of Grading - II as per table 500-7 of MoRT&H specificaion 504 (5th Revision) premixed with bituminous binder of VG-30 grade @ 3.4 % by weight of total mixture, transported to site, laid over a previously prepared surface with Hydrostatic paver finisher with sensor control to the required grade, level and alignment and rolled as per Clauses 501.6 and 501.7 to achieve the desired compaction for finished item of work as directed by the Engineer-in-Charge including hire and opeational charges all T&P and all other contingent charges necessary , complete and as per MoRTH specification No. 504 (5th Revision) .
C31: 2043 | D31: =+'Road data'!J313 -> 8871 | E31: =ROUND(D31*C31,0) -> 18123453
C32: Cum | D32: Cum
A33: 10 | B33: Providing and laying of 30 mm thick Bituminous Concrete with 100 - 120 TPH batch type hot mix plant producing an average output of 75 tones per hour using hard blasted granite crushed aggregates of Grading – II as per Table 500-17 of specification 507 of MoRT&H (5th revision), premixed with Bituminous binder of VG 30 Grade @ 5.4 % of mix and filler, transporting the hot mix to work site, laying with hydrostatic sensor paver finisher to the required grade, level and alignment, rolling with smooth wheeled, vibratory and tandem rollers to achieve the desired compaction as per MoRT&H Specification 507 (5th revision) complete for finished item of work in all respects as directed by Engineer-in-Charge
C34: 1431 | D34: =+'Road data'!J436 -> 11611 | E34: =ROUND(D34*C34,0) -> 16615341
C35: Cum | D35: Cum
A36: 11 | B36: Forming shoulders with borrowed useful seclected earth having MDD of not less than 1.75 gms/cc from outside road boundary by mechnical means with all leads and lifts including pre-watering of soil at borrow area, removal of top soil, excavation of soils at borrowed area, conveyance of soil, depositing the soils on the embankment, spreading soils, breaking clods, sectioning and consolidation with vibratory road roller @ OMC to meet requirement of table 300-2 of MORT&H including all hire and operational charges of T&P , complete for finished item of work as per MORT&H specification 305 (5th revision) (Payment will be made based on levels for finished item of work)
C37: 5853 | D37: =+'Road data'!J1578 -> 1047 | E37: =ROUND(D37*C37,0) -> 6128091
C38: Cum | D38: Cum
E39: =SUM(E5:E38) -> 89945075
B43: AEE DEE-IV EE(TEC) | C43: DCE(R). | E43: ENC(MDRs)

Sheet Abstrac- CC Pavement
A1: =+COVER!C12 -> “Widening and Strengthening of Bapatla – Pandurangapuram road fom Km 0/000 to 8/000 in Bapatla District”
A2: ABSTRACT E S T I M A T E- CC Pavement
A3: Sl. No | B3: Description of item | C3: Quantity | D3: Rate /Per | E3: Amount in Rs.
A5: 1 | B5: Removal of unserviceable soils upto SDR including excavation, loading and disposal upto 1000 mts etc., complete for finished item of work as per MoRT&H specification 301(5th Revision) and as directed by the Engineer-in-Charge
C6: 662 | D6: =+'Road data'!J88 -> 146.4 | E6: =ROUND(D6*C6,0) -> 96917
C7: Cum | D7: Cum
A8: 2 | B8: Construction of Granular sub-base by providing HBG material confirming to Grading - V of MoRT&H Table 400-1 including cost and conveyance of all materials to work site and spreading in uniform layers with motor grader or by approved means, on prepared surface mixing by mix in place method with Rotavator / approved means at OMC and compacting with vibratory roller to achieve the desired density etc., complete for finished item of work as per MoRT&H Specification 401 (5th revision) and as directed by the Engineer-in-charge.
C9: 450 | D9: =+'Road data'!J145 -> 2984 | E9: =ROUND(D9*C9,0) -> 1342800
C10: Cum | D10: Cum
A11: 3 | B11: Providing Dry lean cement concrete Sub- base over a prepared sub-grade with coarse and fine aggregate conforming to IS: 383, the size of coarse aggregate not exceeding 25 mm, aggregate cement ratio not to exceed 15:1, aggregate gradation after blending to be as per table 600-1, cement content not to be less than 150 kg/ cum, optimum moisture content to be determined during trial length construction, concrete strength not to be less than 10 Mpa at 7 days, mixed in a concrete mixer 0.28/0.40 cum capacity with weigh batcher laid with a paver/manula means , compacting with 8-10 tonnes vibratory roller, finishing and curing complete for finished item of work as per MoRT&H (5th Revision) specification 601 (5th Revision) and as directed by the Engineer-in-Charge for base coarse below CC Pavement.
C12: 747 | D12: =+'Road data'!J581 -> 4846 | E12: =ROUND(D12*C12,0) -> 3619962
C13: Cum | D13: Cum
A14: 4 | B14: Construction of un-reinforced, dowel jointed, plain cement concrete pavement over a prepared sub base with 43 grade cement @ 400 kg per cum, coarse and fine aggregate conforming to IS 383, maximum size of coarse aggregate not exceeding 25 mm, and confirming to clause 602.2.6.4 mixed in Concrete mixer 0.28/0.4 cum capacity (6 mixers) with weigh batcher as per approved mix design, laid with a fixed form paver/Manual means, spread, compacted and finished in a continuous operation including provision of contraction, expansion, construction and longitudinal joints, joint filler, separation membrane, sealant primer, joint sealant, debonding strip, dowel bar, tie rod, admixtures as approved, curing compound, finishing to lines and grades etc., as per MoRT&H specification No. 602 (5th Revision) and as directed by the Engineer-in-Chief
C15: 1471 | D15: =+'Road data'!J627 -> 7730 | E15: =ROUND(D15*C15,0) -> 11370830
C16: Cum | D16: Cum
A17: 5 | B17: Providing, laying Reinforced cement concrete Hume pipes of 300mm Dia., NP-4 class for pipe culverts including cost and conveyance of Pipes etc., complete and Labour charges for laying, jointing of 300 mm dia. R.C.C Hume pipes in position including lifting, aligning, lowering and hoisting etc., as per drawing and as per MoRT&H Specification 2900, 2905 and 2906 (5th Revision) and IRC Special Publication No: 13 and as directed by the Engineer-in-Charge for finished item of work.
C18: 50 | D18: =+'Road data'!J746 -> 1367 | E18: =ROUND(D18*C18,0) -> 68350
C19: RM | D19: RM
E20: =SUM(E5:E19) -> 16498859
B25: AEE DEE-IV EE(TEC) | C25: DCE(R). | E25: ENC(MDRs)

Sheet Abstract -Pipe Culvert
A1: =+'Abstrac- Road work'!A1:E1 -> “Widening and Strengthening of Bapatla – Pandurangapuram road fom Km 0/000 to 8/000 in Bapatla District”
A2: ABSTRACT E S T I M A T E- CD Works( Pipe Culverts- 1Rx1000 dia -7 Nos @ Km 5/6, 5/10, 6/4, 6/10, 7/2, 7/4, 7/10
A3: Sl. No | B3: Description of item | C3: Quantity | D3: Rate /Per | E3: Amount in Rs.
A5: 1 | B5: Earthwork excavation in soils upto SDR by mechanical means for foundations of structures as per drawing and technical specification including setting out, construction of shoring and bracing, removal of stumps and other deleterious matter, dressing sides of bottom, back filling the excavation earth to the extent required etc., complete for finished item of work, excluding seigniorage charges, as per MoRT&H specification 304 (5th Revision) and as directed by the Engineer-in-Charge
C6: 461 | D6: =+'Road data'!J645 -> 108.5 | E6: =ROUND(D6*C6,0) -> 50019
C7: CUM | D7: CUM
A8: 2 | B8: Sand filling in foundation including cost and conveyence of all materials to site and watering, tamping etc., complete for finshed item of work as per MoRT&H specification 304 (5th Revision) and as directed by the Engineer - in - Charge.
C9: 79 | D9: =+'Road data'!J1409 -> 1465 | E9: =ROUND(D9*C9,0) -> 115735
C10: CUM | D10: CUM
A11: 3 | B11: Providing Vibrated Cement Concrete (1:3:6) mix using 40mm size HBG crushed stone aggregate and fine aggregate conforming to table 1000-2 of MoRT&H including cost, conveyance of all materials to site and labour charges, centering, machine mixing, laying, Vibrating, curing etc., including all other incidental and operational charges of all T&P etc., complete for finished item of work as per MoRT&H specification 1500,1700, 2100 (5th Revision) and as directed by the Engineer-in-Charge for foundation.
C12: 45 | D12: =+'Road data'!J696 -> 5579 | E12: =ROUND(D12*C12,0) -> 251055
C13: CUM | D13: CUM
A14: 4 | B14: Vibrated cement concrete M 15 Grade Concrete using 40mm , 20mm and 10mm size HBG crushed stone aggregate (Coarse aggregate conforming to table 1000-1 and fine aggregate conforming to table 1000-2) including cost and conveyance of all materials to site and all labour charges for machine mixing, laying in position,Compacting, Vibrating and curing including all other incidental and all other operational charges of T&P required etc., complete as per MoRT&H Specification 1500,1700, 2200 (5th Revision) for Sub structure / Body walls.
C15: 205 | D15: =+'Road data'!J973 -> 6809 | E15: =ROUND(D15*C15,0) -> 1395845
C16: CUM | D16: CUM
A17: 5 | B17: Providing, laying Reinforced cement concrete Hume pipes of 1000 mm Dia., NP-4 class for pipe culverts including cost and conveyance of Pipes etc., complete and Labour charges for laying, jointing of 1000 mm dia. R.C.C Hume pipes in position including lifting, aligning, lowering and hoisting etc., as per drawing and as per MoRT&H Specification 2900, 2905 and 2906 (5th Revision) and IRC Special Publication No: 13 and as directed by the Engineer-in-Charge for finished item of work.
C18: 87.5 | D18: =+'Road data'!J836 -> 10874 | E18: =ROUND(D18*C18,0) -> 951475
C19: RM | D19: RM
A20: 6 | B20: Filling in between body walls with gravel including cost and conveyance of all materials to site etc., complete as per Clause 710.1.4 of IRC : 78 and as per MoRT&H Specification No. 2200 & 2907 (5th Revision) and as per Drawing and technical specifications for finished item of work.
C21: 263 | D21: =+'Road data'!J877 -> 1913 | E21: =ROUND(D21*C21,0) -> 503119
C22: CUM | D22: CUM
A23: Total | E23: =SUM(E5:E22) -> 3267248
B30: AEE-I DEE-IV EE(TEC) | C30: DCE(R). | E30: ENC(MDRs)

Sheet Abstract -Slab Culvert
A1: =+'[660]Abstrac- Road work'!A1:E1 -> Name of Road:“ Improvements to Uppuluru- Madduru road from Km 0.000 to 4.650 in Krishna district".
A2: ABSTRACT E S T I M A T E- CD Works( Slab Culvert-2Vx6m span-1 No)
A3: Sl. No | B3: Description of item | C3: Quantity | D3: Rate /Per | E3: Amount in Rs.
A5: 1 | B5: Dismantling of existing structures like culverts , bridges, retaining walls and other structures comprising of masonry, cement, concrete, wood work , steel work, including T&P and scaffolding wherever necessary sorting the dismantled material, disposal of unserviceable materials and stacking the materials with all lifts and lead of 1000 m ( By Mechanical means in Cement concrete grade M-15 & M-20) as per MoRTH specification 202 , 2.4 II (A) (5th revision)
C6: 143.8 | D6: =+'Road data'!J1600 -> 917 | E6: =ROUND(D6*C6,0) -> 131865
C7: CUM | D7: CUM
A8: 2 | B8: Earthwork excavation in soils upto SDR by mechanical means for foundations of structures as per drawing and technical specification including setting out, construction of shoring and bracing, removal of stumps and other deleterious matter, dressing sides of bottom, back filling the excavation earth to the extent required etc., complete for finished item of work, excluding seigniorage charges, as per MoRT&H specification 304 (5th Revision) and as directed by the Engineer-in-Charge
C9: 748 | D9: =+'Road data'!J645 -> 108.5 | E9: =ROUND(D9*C9,0) -> 81158
C10: CUM | D10: CUM
A11: 3 | B11: Sand filling in foundation including cost and conveyence of all materials to site and watering, tamping etc., complete for finshed item of work as per MoRT&H specification 304 (5th Revision) and as directed by the Engineer - in - Charge.
C12: 89 | D12: =+'Road data'!J1409 -> 1465 | E12: =ROUND(D12*C12,0) -> 130385
C13: CUM | D13: CUM
A14: 4 | B14: Providing Vibrated Cement Concrete (1:3:6) mix using 40mm size HBG crushed stone aggregate and fine aggregate conforming to table 1000-2 of MoRT&H including cost, conveyance of all materials to site and labour charges, centering, machine mixing, laying, Vibrating, curing etc., including all other incidental and operational charges of all T&P etc., complete for finished item of work as per MoRT&H specification 1500,1700, 2100 (5th Revision) and as directed by the Engineer-in-Charge for foundation.
C15: 67 | D15: =+'Road data'!J696 -> 5579 | E15: =ROUND(D15*C15,0) -> 373793
C16: CUM | D16: CUM
A17: 5 | B17: Vibrated cement concrete M 15 Grade Concrete using 40mm , 20mm and 10mm size HBG crushed stone aggregate (Coarse aggregate conforming to table 1000-1 and fine aggregate conforming to table 1000-2) including cost and conveyance of all materials to site and all labour charges for machine mixing,laying in position, Compacting , Vibrating and curing including all other incidental and all other operational charges of T&P required etc., complete as per MoRT&H Specification 1500,1700, 2100 (5th Revision) for footings and Raft foundation .
C18: 270 | D18: =+'Road data'!J943 -> 6437 | E18: =ROUND(D18*C18,0) -> 1737990
C19: CUM | D19: CUM
A20: 6 | B20: Vibrated cement concrete M 15 Grade Concrete using 40mm , 20mm and 10mm size HBG crushed stone aggregate (Coarse aggregate conforming to table 1000-1 and fine aggregate conforming to table 1000-2) including cost and conveyance of all materials to site and all labour charges for machine mixing, laying in position,Compacting, Vibrating and curing including all other incidental and all other operational charges of T&P required etc., complete as per MoRT&H Specification 1500,1700, 2200 (5th Revision) for Sub structure
C21: 109 | D21: =+'Road data'!J973 -> 6809 | E21: =ROUND(D21*C21,0) -> 742181
C22: CUM | D22: CUM
A23: 7 | B23: Vibrated reinforced cement concrete M 20 grade using 20mm & 10mm HBG crushed stone aggregate (Coarse aggregate conforming to table 1000-1 and fine aggregate conforming to table 1000-2) including cost, conveyance of all materials to site and labour charges, centering, machine mixing, laying, vibrating, curing etc., including other incidental hire and operational charges of all T&P as per approved drawings and as directed during execution but excluding cost of steel and its fabrication charges for finished item as per MoRT&H specification 1500,1600,1700 & 2200 (4th revision ) and as directed by the Engineer-in-Charge for Bed blocks & Backing walls (Sub-structure)
C24: 10.1 | D24: =+'Road data'!J1031 -> 7432 | E24: =ROUND(D24*C24,0) -> 75063
C25: CUM | D25: CUM
A26: 8 | B26: Vibrated reinforced cement concrete M 30 grade using 20mm & 10mm HBG crushed stone aggregate (Coarse aggregate conforming to table 1000-1 and fine aggregate conforming to table 1000-2) including cost, conveyance of all materials to site and labour charges, centering, machine mixing, laying, vibrating, curing etc., including other incidental hire and operational charges of all T&P etc., complete as per approved drawings and as directed during execution but excluding cost of steel and its fabrication charges for finished item as per MoRT&H specification 1500,1600,1700 & 2300 (5th revision ) and as directed by the Engineer-in-Charge for Deck slab
C27: 87.6 | D27: =+'Road data'!J1060 -> 8554 | E27: =ROUND(D27*C27,0) -> 749330
C28: CUM | D28: CUM
A29: 9 | B29: Vibrated reinforced cement concrete M 30 grade using 20mm & 10mm HBG crushed stone aggregate (Coarse aggregate conforming to table 1000-1 and fine aggregate conforming to table 1000-2) including cost, conveyance of all materials to site and labour charges, centering, machine mixing, laying, vibrating, curing etc., including all other incidental and operational charges of all T&P etc., complete for finished item of work as per drawing BD/1-69( A) but excluding cost of steel and its fabrication charges as per MoRT&H specification 1500, 1600,1700, & 2702 (5th Revision) and as directed by the Engineer-in-Charge for wearing coat over Deck slab.
C30: 16.7 | D30: =+'Road data'!J1090 -> 7246 | E30: =ROUND(D30*C30,0) -> 121008
C31: CUM | D31: CUM
A32: 10 | B32: Construction of precast VRCC railing of M30 grade using HBG crushed stone aggregate of size not exceeding 12 mm and fine aggregate conforming to table 1000-2 true to line and grade, tolerance of vertical RCC post not to exceed 1 in 500, centre to centre spacing between vertical posts not to exceed 2000mm, leaving adequate space between vertical posts for expansion including cost, conveyance of all materials to site and labour charges, centering, machine mixing, laying, vibrating, curing etc., including other incidental hire and operational charges of all T&P as per approved drawings and as directed during execution but excluding cost of steel and its fabrication charges as per approved drawings and technical specifications for finished item of work as per MoRT&H Specification 2703, 1500, 1600, 1700(5th Revision)
C33: 41 | D33: =+'Road data'!J1160 -> 442 | E33: =ROUND(D33*C33,0) -> 18122
C34: RM | D34: RM
A35: 11 | B35: Providing HYSD bars ( Fe-415 ) of different diameters, wrought and put up bars of all diameters including cost and conveyance of steel to site and all labour charges for fabrication of reinforcement including cutting, bending, binding rods, tying grills, placing them in position etc., complete including cost and conveyance of binding wire and all handling charges and operational charges etc., and including over lapping welding if required etc., complete for all R.C.C items for finished item of work as per standard drawings, as per the directions of the Engineer-in-Charge and as per MoRT&H specification 1600 & 2100 (5th revision) and as per I.S.1786 of 1985 for foundations of R.C.C items.
C36: 2 | D36: =+'Road data'!J1352 -> 76931 | E36: =ROUND(D36*C36,0) -> 153862
C37: MT | D37: MT
A38: 12 | B38: Providing HYSD bars ( Fe-415 ) of different diameters, wrought and put up bars of all diameters including cost and conveyance of steel to site and all labour charges for fabrication of reinforcement including cutting, bending, binding rods, tying grills, placing them in position etc., complete including cost and conveyance of binding wire and all handling charges and operational charges etc., and including over lapping welding if required etc., complete for all R.C.C items for finished item of work as per standard drawings, as per the directions of the Engineer-in-Charge and as per MoRT&H specification 1600 & 2200 (5th revision) and as per I.S.1786 of 1985 for Sub structure of R.C.C items.
C39: 0.9 | D39: =+'Road data'!J1332 -> 77755 | E39: =ROUND(D39*C39,0) -> 69980
C40: MT | D40: MT
A41: 13 | B41: Providing HYSD bars ( Fe-415 ) of different diameters, wrought and put up bars of all diameters including cost and conveyance of steel to site and all labour charges for fabrication of reinforcement including cutting, bending, binding rods, tying grills, placing them in position etc., complete including cost and conveyance of binding wire and all handling charges and operational charges etc., and including over lapping welding if required etc., complete for all R.C.C items for finished item of work as per standard drawings, as per the directions of the Engineer-in-Charge and as per MoRT&H specification 1600 & 2300 (5th revision) and as per I.S.1786 of 1985 for Super structure of R.C.C items.
C42: 6 | D42: =+'Road data'!J1312 -> 79922 | E42: =ROUND(D42*C42,0) -> 479532
C43: MT | D43: MT
A44: 14 | B44: Back filling behind Abutments with gravel including cost ,conveyance of all materials to site etc., complete as per Clause 710.1.4 of IRC : 78 and as per MoRT&H Specification No. 2200 (5th Revision) and as per Drawing and technical specifications for finished item of work
C45: 229 | D45: =+'Road data'!J1265 -> 1913 | E45: =ROUND(D45*C45,0) -> 438077
C46: CUM | D46: CUM
A47: 15 | B47: Providing and laying of filter media using 50% of 150 mm IRC soling stone and 50 % of 40 mm HBG metal satisfying the requirements laid down in clause 2504.2.2 of MoRT&H specifications to athickness of not less than 600mm with smaller size towards the soil and bigger size towards the wall and provided over the entire surface behind the abutment, wing wall and return wall to the full height compacted to a firm condition including cost and conveyance and all labour charges as directed by the departmental officers as per drawing and Technical specifications as per clause 710.1.1 of IRC:78 and Clause 2200 of MoRT&H (5th Revision) for finished item of work.
C48: 65 | D48: =+'Road data'!J1292 -> 2520 | E48: =ROUND(D48*C48,0) -> 163800
C49: CUM | D49: CUM
A50: 16 | B50: Providing weep holes in VCC Abutments, Return walls and wing walls with 100mm Diameter AC pipe extending through the full width of the structure at 1.00m C/C in both horizontal and vertical direction so that the weep holes in each horizontal direction is staggered from the weep holes laying above and below lines as shown in drawing including cost and conveyance of the A.C pipes and labour charges for cutting to required length, placing the pipe with a slope of about 1V : 20H towards stream side face etc., complete for finished item of work for weep holes as per MoRT&H specification 2706 & 2200 (5th Revision)
C51: 74.6 | D51: =+'Road data'!J1745 -> 435 | E51: =ROUND(D51*C51,0) -> 32451
C52: RM | D52: RM
A53: 17 | B53: Providing 25.4 mm thick Mastic pads for Expansion joints etc., complete for finished item of work.
C54: 21.6 | D54: =+'Road data'!J1523 -> 1007 | E54: =ROUND(D54*C54,0) -> 21751
C55: Sqm | D55: Sqm
A56: 18 | B56: Providing and laying boulders apron on river bed for protection against scour with stone boulders weighing not less than 40 kg each complete as per drawing and MoRTH specification 2503.2 (5th revision)
C57: 120.4 | D57: =+'Road data'!J1858 -> 2305 | E57: =ROUND(D57*C57,0) -> 277522
C58: Cum | D58: Cum
A59: 19 | B59: Providing and laying filter material with Gravel underneath pitching in slopes including cost and conveyance of materials to site including labour charges etc., complete for finished item of work as per MoRT&H Specification 2504 (5th Revision) and as directed by the Engineer-in-Charge
C60: 45 | D60: =+'Road data'!J913 -> 2359 | E60: =ROUND(D60*C60,0) -> 106155
C61: CUM | D61: CUM
A62: 20 | B62: Providing Grouted Revetment with rough stone (HBG) of not less than 300 mm size grouted with 0.20 cum of CC (1:4:8) including cost and conveyance of materials to site and including labour charges for packing the stones for revetment etc., complete for finished item of work as per MoRT&H specification 2504 ( 5th revision ) and as directed by the Engineer-in-Charge for quadrential revetment.
C63: 4 | D63: =+'Road data'!J1241 -> 3146 | E63: =ROUND(D63*C63,0) -> 12584
C64: CUM | D64: CUM
A65: 21 | B65: Supplying and fixing of CI Drainage spouts complete as per MoRT&H specification No. 2705 (5th Revision) and as per drawing Sd/205
C66: 4 | D66: =+'Road data'!J1838 -> 1867 | E66: =ROUND(D66*C66,0) -> 7468
C67: Nos | D67: Nos
A68: 22 | B68: Vibrated cement concrete M 15 Grade Concrete using 40mm , 20mm and 10mm size HBG crushed stone aggregate (Coarse aggregate conforming to table 1000-1 and fine aggregate conforming to table 1000-2) including cost and conveyance of all materials to site and all labour charges for machine mixing,laying in position, Compacting , Vibrating and curing including all other incidental and all other operational charges of T&P required etc., complete as per MoRT&H Specification 1500,1700, 2100,2700 (5th Revision) for levelling course for Approach Slab.
C69: 11.5 | D69: =+'Road data'!J1201 -> 6190 | E69: =ROUND(D69*C69,0) -> 71185
C70: CUM | D70: CUM
A71: 23 | B71: Vibrated reinforced cement concrete M 30 grade using 20mm & 10mm HBG crushed stone aggregate (Coarse aggregate conforming to table 1000-1 and fine aggregate conforming to table 1000-2) including cost, conveyance of all materials to site and labour charges, centering, machine mixing, laying, vibrating, curing etc., including all other incidental and operational charges of all T&P etc., complete for finished item of work as per Approved drawing but excluding cost of steel and its fabrication charges as per MoRT&H specification 1500, 1600,1700, & 2704 (5th Revision) and as directed by the Engineer-in-Charge for Approach slab.
C72: 30 | D72: =+'Road data'!J1120 -> 7215 | E72: =ROUND(D72*C72,0) -> 216450
C73: CUM | D73: CUM
B74: Diversion Road
A75: 24 | B75: Forming embankment with borrowed useful earth from outside road boundary by mechanical means upto SDR with all leads and lifts including pre-watering of soil at borrow area, removal of top soil, excavation of soils at borrowed area, conveyance of soil, depositing the soil on the embankment, spreading soil, breaking clods, sectioning, grading and consolidation with 8 to 10 Tonnes Vibratory Road Roller @ OMC to meet requirement of table 300-2 of MoRT&H, including all hire and operational charges of T&P , complete for finished item of work as per MoRT&H specification 305 (5th revision) (Payment will be made based on level for finished item of work). - For Diversion road
C76: 780 | D76: =+'Road data'!J49 -> 1093 | E76: =ROUND(D76*C76,0) -> 852540
C77: CUM | D77: CUM
A78: 25 | B78: Providing, laying Reinforced cement concrete Hume pipes of 1000 mm Dia., NP-4 class for pipe culverts including cost and conveyance of Pipes etc., complete and Labour charges for laying, jointing of 1000 mm dia. R.C.C Hume pipes in position including lifting, aligning, lowering and hoisting etc., as per drawing and as per MoRT&H Specification 2900, 2905 and 2906 (5th Revision) and IRC Special Publication No: 13 and as directed by the Engineer-in-Charge for finished item of work.
C79: 10 | D79: =+'Road data'!J836 -> 10874 | E79: =ROUND(D79*C79,0) -> 108740
C80: CUM | D80: CUM
A81: Total | E81: =SUM(E5:E80) -> 7172992
B88: AEE-I DEE-IV EE(TEC) | C88: DCE(R). | E88: ENC(MDRs)

Sheet Road data
A1: DATA WITH SSR 2025-26 | L1: Area Allowances As per SOR 2021-22
B2: Whether to Add MAA or Any other Area Allowance | H2: Yes/No | I2: Allowable% | L2: A | M2: CORPORATIONS & MUNICIPALITIES
B3: Name of Work ::- | D3: =RMR!D2 -> “Widening and Strengthening of Bapatla – Pandurangapuram road fom Km 0/000 to 8/000 in Bapatla District” | M3: VIJAYAWADA & VISAKHAPATNAM | O3: %
M4: All other Municipal Corporations except above | O4: %
B5: Quantity | D5: Description of Item | H5: Rate | I5: per | J5: Amount | M5: Amaravathi Capital Region | O5: %
B6: Forming embankment with Side earth by mechanical means upto SDR including pre-watering of soil , removal of top soil, excavation of soils , depositing the soils on the embankment, spreading soil, breaking clods, sectioning , grading and consolidation with 8 to 10 Tonnes Vibratory Road Roller @ OMC to meet requirement of table 300-2 of MoRT&H, including all hire and operational charges of T&P, complete for finished item of work as per MoRT&H specification 305 (5th revision) (Payment will be made based on level for finished item of work). | M6: All other Municipalities and District Head Quarters | O6: %
B7: Unit : Cum | M7: Tirumal Hills in Chittor District | O7: %
B8: Taking out put = 100 Cum | F8: Page 70 of MoRT&H SDB | M8: Horsily Hills in Chittor District | O8: %
B9: (A) | C9: Labour | M9: Inside Tirumal Temple over & above Tirumala Hills | O9: %
B10: 0.02 | C10: day | D10: Mate | H10: =Sheet1!$G$48 -> 730 | I10: day | J10: =ROUND(B10*H10,2) -> 14.6
B11: 0.5 | C11: day | D11: Mazdoor unskilled | H11: =Sheet1!$G$50 -> 680 | I11: day | J11: =ROUND(B11*H11,2) -> 340 | M11: For Works located inside T.T.D Temples of Sri Padmavathi Ammavari Temple, Tiruchanoor, Sri Govindaraja Swamy Temple at Tirupathi, Sri Kapleswara Swamy Temple, Kapilatheerthm, Tirupathi and Sri Kalyana Venkateswara Swamy Temple, Srinivasa Mangapuram , 20% extra over the basic rates of labour component for Tirupathi Municipal Corporation is allowed | O11: %
B12: =J2 -> 0 | C12: % | D12: Add MAA or Any other Area Allowance | H12: =SUM(J10:J11) -> 354.6 | J12: =ROUND(H12*B12/100,2) -> 0
J13: =SUM(J10:J12) -> 354.6
B14: (B) | C14: Machinery
B15: 1.67 | C15: hr | D15: Hydraulic Excavator 1 cum bucket capacity @ 60 cum per hour | H15: =Sheet1!G54 -> 3767.61 | I15: hr | J15: =ROUND(B15*H15,2) -> 6291.91
B16: 1 | C16: hr | D16: Motor Grador for Grading @ 100 cum per hour | H16: =Sheet1!G53 -> 4066 | I16: hr | J16: =ROUND(B16*H16,2) -> 4066
B17: 4 | C17: hr | D17: Water tanker 6 KL | H17: =Sheet1!G59 -> 872 | I17: hr | J17: =ROUND(B17*H17,2) -> 3488
B18: 1 | C18: hr | D18: Vibratory roller 8T | H18: =Sheet1!G57 -> 3703.96 | I18: hr | J18: =ROUND(B18*H18,2) -> 3703.96
J19: =SUM(J15:J18) -> 17549.87
B20: (C) | C20: OH charges @ 4.615% on (A) + (B) | J20: =(J19+J13)*4.615/100 -> 826.29129
B21: (D) | C21: Total of (A) + (B)+( C) | J21: =J13+J19+J20 -> 18730.761 | L21: B | M21: JAIL COMPOUNDS | O21: %
B22: (E) | C22: Add Contractors Profit at 10% on (D) | J22: =J21*10/100 -> 1873.0761 | L22: C | M22: INDUSTRIAL AREA
C23: Cost per 100 cum (D)+(E ) | J23: =SUM(J21:J22) -> 20603.837 | M23: for works situated within 10Kms belt of Industrial area of, Ibrahimpatnam, Vuyyuru, Jaggaiahpeta in Krishna District, Macherla, Gurajala, Challapalli in Guntur District Garividi in Vijayanagaram District, Renigunta in Chittoor District and Yerraguntla & Mangampet in Kadapa District, Hindupur, Tadipatri, Anantapur, Guntakal, Rayalcheruvu, Yadiki of Anantapur District and Adoni, Dhone,Cement Nagar, Nandyal, Kurnool, Yemmiganur & Bethamcherla of Kurnool District, Anakapally of Vishakhapatnam District. | O23: %
C24: Rate per Cum | J24: =J23/100 -> 206.03837
D25: Rate per 1 cum | J25: =ROUND(J24,0) -> 206
J26: 1 Cum
B27: Forming embankment with borrowed useful earth from outside road boundary by mechanical means upto SDR with all leads and lifts including pre-watering of soil at borrow area, removal of top soil, excavation of soils at borrowed area, conveyance of soil, depositing the soil on the embankment, spreading soil, breaking clods, sectioning, grading and consolidation with 8 to 10 Tonnes Vibratory Road Roller @ OMC to meet requirement of table 300-2 of MoRT&H, including all hire and operational charges of T&P , complete for finished item of work as per MoRT&H specification 305 (5th revision) (Payment will be made based on level for finished item of work).
B28: Unit : Cum
B29: Taking out put = 100 Cum | F29: Page 68,69 of MoRT&H SDB | O29: 1.28
B30: (A) | C30: Labour
B31: 0.04 | C31: day | D31: Mate | H31: =Sheet1!$G$48 -> 730 | I31: day | J31: =ROUND(B31*H31,2) -> 29.2
B32: 1 | C32: day | D32: Mazdoor unskilled | H32: =Sheet1!$G$50 -> 680 | I32: day | J32: =ROUND(B32*H32,2) -> 680
B33: =J2 -> 0 | C33: % | D33: Add MAA or Any other Area Allowance | H33: =SUM(J31:J32) -> 709.2 | J33: =ROUND(H33*B33/100,2) -> 0
J34: =SUM(J31:J33) -> 709.2
B35: (B) | C35: Machinery
B36: 1.67 | C36: hr | D36: Hydraulic Excavator 1 cum bucket capacity @ 60 cum per hour | H36: =Sheet1!G54 -> 3767.61 | I36: hr | J36: =ROUND(B36*H36,2) -> 6291.91
B37: =F37*G37 -> 7680 | C37: t.km | D37: Tipper (for 1 Km ) | F37: 160 | G37: 48 | H37: =Sheet1!G78 -> 8.9 | I37: t.km | J37: =ROUND(B37*H37,2) -> 68352
D38: Add 10% of cost of carriage to cover cost of loading and unloading | J38: =ROUND(J37*10/100,2) -> 6835.2 | M38: =24*0.15*0.15 -> 0.54
B39: 0.5 | C39: hr | D39: Dozer 80 HP for spreading @ 200 cum per hour | H39: =Sheet1!G52 -> 3151.13 | I39: hr | J39: =ROUND(B39*H39,2) -> 1575.57
B40: 1 | C40: hr | D40: Motor Grador for Grading @ 100 cum per hour | H40: =Sheet1!G53 -> 4066 | I40: hr | J40: =ROUND(B40*H40,2) -> 4066
B41: 4 | C41: hr | D41: Water tanker 6 KL | H41: =Sheet1!G59 -> 872 | I41: hr | J41: =ROUND(B41*H41,2) -> 3488
B42: 1 | C42: hr | D42: Vibratory roller 8T | H42: =Sheet1!G57 -> 3703.96 | I42: hr | J42: =ROUND(B42*H42,2) -> 3703.96
J43: =SUM(J36:J42) -> 94312.64
B44: (D) | C44: OH charges @ 4.615% on (A) + (B)+( C) | J44: =(J43+J34)*4.615/100 -> 4385.2579
B45: (E) | C45: Total of (A) + (B)+( C)+(D) | J45: =J44+J43+J34 -> 99407.098
B46: (F) | C46: Add Contractors Profit at 10% on (E) | J46: =J45*10/100 -> 9940.7098
C47: Cost per 100 cum (E) + (F) | J47: =SUM(J45:J46) -> 109347.81
C48: Rate per Cum | J48: =J47/100 -> 1093.4781
D49: Rate per 1 cum | J49: =ROUND(J48,0) -> 1093
J50: 1 Cum
B51: Earthwork excavation for Road work in soil with hydraulic excavator of 0.9 cum bucket capacity including cutting and loading in tippers, trimming bottom and and side slopes, in accordancewith requirementsof lines,grades and cross sections, and transporting to the embankment location within all lifts and lead up to 1000m as per MoRT&H specification 301(5th Revision) and as directed by the Engineer-in-Charge
B52: Unit : Cum
B53: Taking out put = 360 Cum | F53: Page 52 of MoRT&H SDB
B54: (A) | C54: Labour
B55: 0.08 | C55: day | E55: Mate | H55: =Sheet1!G48 -> 730 | I55: day | J55: =ROUND(B55*H55,2) -> 58.4
B56: 2 | C56: day | E56: Mazdoor unskilled | H56: =Sheet1!G50 -> 680 | I56: day | J56: =ROUND(B56*H56,2) -> 1360
B57: =J2 -> 0 | C57: % | D57: Add MAA or Any other Area Allowance | H57: =SUM(J55:J56) -> 1418.4 | J57: =ROUND(H57*B57/100,2) -> 0
J58: =SUM(J55:J57) -> 1418.4
B59: (B) | C59: Machinery
B60: 6 | C60: hr | D60: Hydraulic Excavator1 cum bucket capacity @ 60 cum per hour | H60: =H36 -> 3767.61 | I60: hr | J60: =ROUND(B60*H60,2) -> 22605.66
B62: (C) | C62: Over head charges @ 4.615% on (A) + (B) | J62: =(J58+J60)*4.615/100 -> 1108.7104
B63: (D) | C63: Total of (A) + (B)+( C) | J63: =J58+J60+J62 -> 25132.77
B64: (E) | C64: Add Contractors Profit at 10% on (D) | J64: =J63*10/100 -> 2513.277
C65: Cost per 180 cum (D) + (E) | J65: =SUM(J63:J64) -> 27646.047
C66: Rate per Cum | J66: =J65/360 -> 76.794576
D67: Rate per 1 cum | J67: =ROUND(J66,1) -> 76.8
J68: 1 Cum
B69: Removal of unserviceable soils upto SDR including excavation, loading and disposal upto 1000 mts etc., complete for finished item of work as per MoRT&H specification 301(5th Revision) and as directed by the Engineer-in-Charge
B72: Unit : Cum
B73: Taking out put = 360 Cum | F73: Page 58 of MoRT&H SDB
B74: (A) | C74: Labour
B75: 0.08 | C75: day | E75: Mate | H75: =Sheet1!G48 -> 730 | I75: day | J75: =ROUND(B75*H75,2) -> 58.4
B76: 2 | C76: day | E76: Mazdoor unskilled | H76: =Sheet1!G50 -> 680 | I76: day | J76: =ROUND(B76*H76,2) -> 1360
B77: =J2 -> 0 | C77: % | D77: Add MAA or Any other Area Allowance | H77: =SUM(J75:J76) -> 1418.4 | J77: =ROUND(H77*B77/100,2) -> 0
J78: =SUM(J75:J77) -> 1418.4
B79: (B) | C79: Machinery
B80: 6 | C80: hr | D80: Hydraulic Excavator 1 cum bucket capacity @ 60 cum per hour | H80: =Sheet1!G54 -> 3767.61 | I80: hr | J80: =ROUND(B80*H80,2) -> 22605.66
B81: 16 | C81: Hrs | D81: Tippers 5.50 cum capacity | H81: =Sheet1!G56 -> 1361.53 | I81: Hr | J81: =ROUND(B81*H81,2) -> 21784.48
J82: =SUM(J80:J81) -> 44390.14
B83: (C) | C83: OH charges @ 4.615% on (A) + (B) | J83: =(J78+J82)*4.615/100 -> 2114.0641
B84: (D) | C84: Total of (A) + (B)+( C) | J84: =J78+J82+J83 -> 47922.604
B85: (E) | C85: Add Contractors Profit at 10% on (D) | J85: =J84*10/100 -> 4792.2604
C86: Cost per 360 cum(D+(E) | J86: =SUM(J84:J85) -> 52714.865
C87: Rate per Cum | J87: =J86/360 -> 146.43018
D88: Rate per 1 cum | J88: =ROUND(J87,1) -> 146.4
J89: 1 Cum
A90: 5 | B90: Construction of Granular sub-base by providing HBG material confirming to Grading - III of MoRT&H Table 400-1 including cost and conveyance of all materials to work site and spreading in uniform layers with motor grader or by approved means, on prepared surface mixing by mix in place method with Rotavator / approved means at OMC and compacting with vibratory roller to achieve the desired density etc., complete for finished item of work as per MoRT&H Specification 401 (5th revision) and as directed by the Engineer-in-charge. (Payment will be made based on levels for finished item of work ). | L90: =384/300 -> 1.28
B91: Unit = cum
B92: Taking output = 300 cum | F92: Page 95 of MoRT&H SDB
B93: (A) | C93: Labour
B94: 0.4 | C94: day | D94: Mate | H94: =Sheet1!$G$48 -> 730 | I94: day | J94: =ROUND(B94*H94,2) -> 292
B95: 2 | C95: day | D95: Mazdoor skilled | H95: =Sheet1!$G$49 -> 763 | I95: day | J95: =ROUND(B95*H95,2) -> 1526
B96: 8 | C96: day | D96: Mazdoor unskilled | H96: =Sheet1!$G$50 -> 680 | I96: day | J96: =ROUND(B96*H96,2) -> 5440
B97: =J2 -> 0 | C97: % | D97: Add MAA or Any other Area Allowance | H97: =SUM(J94:J96) -> 7258 | J97: =ROUND(H97*B97/100,2) -> 0
D98: Total | J98: =SUM(J94:J96) -> 7258
B99: (B) | C99: Machinery
B100: 6 | C100: hr | D100: Motor grader 3.35M Blade @50 cum/Hr | H100: =Sheet1!G53 -> 4066 | I100: hr | J100: =ROUND(B100*H100,2) -> 24396
B101: 12 | C101: hr | D101: Tractor with Rotavator | H101: =Sheet1!G61 -> 581 | I101: hr | J101: =ROUND(B101*H101,2) -> 6972
B102: 6 | C102: hr | D102: Vibratory roller 8T | H102: =Sheet1!G57 -> 3703.96 | I102: hr | J102: =ROUND(B102*H102,2) -> 22223.76
B103: 3 | C103: hr | D103: Water tanker 6 KL | H103: =Sheet1!G59 -> 872 | I103: hr | J103: =ROUND(B103*H103,2) -> 2616
...

Sheet RSI
A1: =+COVER!C12 -> “Widening and Strengthening of Bapatla – Pandurangapuram road fom Km 0/000 to 8/000 in Bapatla District”
A2: ABSTRACT E S T I M A T E- RSI
A3: Sl. No | B3: Description of item | C3: Quantity | D3: Rate /Per | E3: Amount in Rs.
A5: 1 | B5: Supplying of hot applied Thermo plastic road marking compound 2.5 mm thick including reflectorising glass bends on bitumen surface at 250 grams per Sqm area, thickness of 2.5 mm exclusive of surface applied glass bend as per IRC: 35,the material should be of BERGER Company/BERGER equivalent and must comply with following a) white index for the product should be in the range of 60-70 when measured against standard reference, the applied pannel 7/8 No must be submitted for checking up the white index in the department lab. In case the department approves the white index of any vendor, the department Engineer may carry out random checking of the applied products at site against the approved pannel. In case of any major deviation, beyond acceptance limit, department reserve the right to cancel or reject the total supplied consignment of the said material and will compell the vendor has to replace the full consignment by the desired material as per approved pannel at his own cosyt and additional demaruges may be claimed due to loss of mandays (As per the rules of the department). b) Luminance factor of the material should be in the range of 80-85 % at 45 degree centigrade as per AASTHOM 249. c) Crack resistance: the applied pannel cured for 7 days under ambient condition and then should be tested as per BS 3262 part-1, 1989 and should pass at the range of 0 degree centigrade to -10 degree centigrade. d) Adhesion : strong e) Softening point 102 degree centigrade f) Dried film finish : Smooth and uniform g) Night vision : High as directed by the Engineer-in- Charge and confirming to IS: 164-1961 ( Ist Revision reaffirmed in 1986) and clause confirming to IRC : 35-1997.
C6: 2569 | D6: 601 | E6: =ROUND(D6*C6,0) -> 1543969
C7: Sqm | D7: Sqm
A8: 2 | B8: Supplying & Fixing of Molded Shanks Raised Pavement Markers made of plastic body moulded from HIPS(HI-impact polysterene) or ABS or ASA(Acrylic strene Acrylonitrite) and reflective panels with micro prismatic lens capable of providing total internal reflection of the light entering the lens face and shall support a load of 16000 kg tested in accordance to ASTM D 4280 Type H and complying to Specifications of Category A of MORTH Circular No RW/NH/33023/10-97 – DO III Dt 11.06. 1997. The height, width and length shall not exceed 50 mm, 100 mm and 100 mm and with minimum reflective area of 13 Sqcm on each side and the slope to the base shall be 35 +/- 5 degree. The strength of detachment of the integrated cylindrical shanks, (of diameter not less than 19 +/- 2 mm and height not less than 30+/- 2 mm) from the body is to be a minimum value of 700 Kgs. Fixing will be by drilling holes on the road for the twin shanks to go inside, without nails and using epoxy resin based adhesive as per manufacturer’s recommendation and complete as directed by the engineer.
C9: 2699 | D9: 388 | E9: =ROUND(D9*C9,0) -> 1047212
C10: Nos | D10: Each
A11: 3 | B11: Providing & fixing junction boards of size 1500 x 1050 mm made out of Type – IV of ASTMD 4956-09 High Intensity Prismatic Retro reflective sheeting Prismatic Retro reflective sheeting and confirming to IRC 67:2012 for full background of Green Colour & White Letters and fixed over 4MM Alluminium Composite Material sheet having minimum 0.5 mm thick Aluminium skin on both sides with back side painted grey colour and fixed over back support frame of M.S angle 25x25x3mm all round and fixing with 35x35x4mm and mounted on a MS angle post of size 75x75x6mm with clear height of not less than 2.1 m from the ground level to the bottom of the board. The signpost should be painted with one coat of red oxide paint and 2 coats of synthetic enamel paint Black and White colour with bands of 30cm of height. The signpost shall be firmly fixed with MS base angle 35x35x4 mm in to the ground by M-15 Concrete foundation of size 450x450x600mm including cost and conveyance of all materials ,equipment, machinery and labour with all leads and lift, loading charges necessary for satisfactory completion of the work as directed by Engineer -in-Charge.
C12: 2 | D12: 23734 | E12: =ROUND(D12*C12,0) -> 47468
C13: Nos | D13: Each
A14: 4 | B14: Providing and fixing Village name board size 450x750 mm made out of Type – IV of ASTMD 4956-09 High Intensity Prismatic Retro reflective sheeting and confirming to IRC 67:2012 for full background of Green Colour & White Letters and fixed over 3MM Alluminium Composite Material sheet having minimum 0.30 mm thick Aluminium skin on both sides with back side painted grey colour and fixed over back support frame of M.S angle 25x25x3mm all round and fixing with 35x35x4mm and mounted on a MS angle post of size 75x75x6mm with clear height of not less than 2.1 m from the ground level to the bottom of the board. The signpost should be painted with one coat of red oxide paint and 2 coats of synthetic enamel paint Black and White colour with bands of 30cm of height. The signpost shall be firmly fixed with MS base angle 35x35x4 mm in to the ground by M-15 Concrete foundation of size 450x450x600mm including cost and conveyance of all materials equipment, machinery and labour with all leads and lift, loading charges necessary for satisfactory completion of the work as directed by Engineer –in-Charge
C15: 6 | D15: 6522 | E15: =ROUND(D15*C15,0) -> 39132
C16: Nos | D16: Each
A17: 2 | B17: Supplying and installation of Hazard Markers/Delinators using M.S. angle of size 55x55x6 mm and 120cm high above ground level painted with two coats of black & white stripes of 15cm wide with first quality synthetic enamel paint over one coat of appropriate primer of approved brand,colour, with 30cm x 90cm Type – IV of ASTMD 4956-09 High Intensity Prismatic Retro reflective sheeting of Yellow colour and confirming to IRC 67:2012 fixed over 3MM Alluminium Composite Material having minimum 0.30 mm thick Aluminium skin on both sides with standard supports consisting of alternately black and Yellow with black stripes in screen printing sloping downward at an angle of 45 degrees towards the side of the obstruction on which the traffic is to pass and buried into the ground in a trench of size 30cm x 30cm and 50cm depth filled with CC M-20 including cost and conveyance of all materials, equipment, machinery and labour with all leads and lifts, loading and un-loading charges necessary for successfull completion of the work on any road in division as directed by Engineer-in-Charge and conforming to IRC 67-2012 &MORT&H specification No.805 and approved drawings etc., complete for finished item of work.
C18: 30 | D18: 4051 | E18: =ROUND(D18*C18,0) -> 121530
C19: Nos | D19: Each
A20: 3 | B20: Providing and fixing Cautionary / Warning sign boards size 600 mm equilateral triangle made out of Type – IV of ASTMD D4956-09 High Intensity Prismatic Retro reflective sheeting and confirming to IRC 67:2012 for full background of White colour and letters/logos done by screen printing in Black colour, boarders by screen printing in Red colour and fixed over 3MM Alluminium Composite Material ( ACM ) sheet having minimum 0.30 mm thick Aluminium skin on both sides with back side painted grey colour and fixed over back support frame of M.S angle 25x25x3mm all round and fixing with 35x35x4mm and mounted on a MS angle post of size 75x75x6mm with clear height of not less than 2.1 m from the ground level the bottom of the board. The signpost should be painted with one coat of red oxide paint and 2 coats of synthetic enamel paint Black and White colour with bands of 30cm of height. The signpost shall be firmly fixed with MS base angle 35x35x4 mm in to the ground by M15 Concrete foundation of size 450x450x600mm including cost and conveyance of all materials ,equipment, machinery and labour with all leads and lift, loading changes necessary for satisfactory completion of the work as directed by Engineer -in-Charge.
C21: 30 | D21: 4910 | E21: =ROUND(D21*C21,0) -> 147300
C22: Nos | D22: Each
A23: Total | E23: =SUM(E5:E22) -> 2946611
B28: AEE DEE-IV EE(TEC) | C28: DCE(R). | E28: ENC(MDRs)

Sheet Seig
B1: =+RMR!D2 -> “Widening and Strengthening of Bapatla – Pandurangapuram road fom Km 0/000 to 8/000 in Bapatla District”
A3: Seigniorage + DMF + MERIT CHARGES
A5: S.No | B5: Item | D5: Qty | E5: Unit | F5: Coefficient for loose quantity | G5: Material Qty | H5: Rate of seignorage | I5: Total Seignorage charges Rs | J5: DMF (30% of Seignorage) | K5: MERIT (2% of Seignorage) | L5: Seigniorage Charges+DMF + MERIT charges Rs
B6: Road Work
A7: 1 | B7: Forming Embankment | C7: Earth | D7: =+'Abstrac- Road work'!C7+'Abstrac- Road work'!C10 -> 26438 | E7: Cum | F7: 1 | G7: =F7*D7 -> 26438 | H7: =55*1.5 -> 82.5 | I7: =H7*G7 -> 2181135 | J7: =I7*0.3 -> 654340.5 | K7: =+I7*0.02 -> 43622.7 | L7: =+I7+J7+K7 -> 2879098.2
A8: 2 | B8: GSB | C8: Metal | D8: =+'Abstrac- Road work'!C16 -> 3165 | E8: Cum | F8: 1.28 | G8: =F8*D8 -> 4051.2 | H8: =105*1.5 -> 157.5 | I8: =H8*G8 -> 638064 | J8: =I8*0.3 -> 191419.2 | K8: =+I8*0.02 -> 12761.28 | L8: =+I8+J8+K8 -> 842244.48
A9: 3 | B9: WMM | C9: Metal | D9: =+'Abstrac- Road work'!C19 -> 7767 | E9: Cum | F9: 1.32 | G9: =F9*D9 -> 10252.44 | H9: =105*1.5 -> 157.5 | I9: =H9*G9 -> 1614759.3 | J9: =I9*0.3 -> 484427.79 | K9: =+I9*0.02 -> 32295.186 | L9: =+I9+J9+K9 -> 2131482.3
A10: 3 | B10: BT Patch work 40mm-45mm | C10: Metal | E10: Cum | F10: 1.33 | G10: =F10*D10 -> 0 | H10: =105*1.5 -> 157.5 | I10: =H10*G10 -> 0 | J10: =I10*0.3 -> 0 | K10: =+I10*0.02 -> 0 | L10: =+I10+J10+K10 -> 0
A11: 4 | B11: BM 50mm Thick | C11: Metal | D11: =+'Abstrac- Road work'!C31 -> 2043 | E11: Cum | F11: 1.414 | G11: =F11*D11 -> 2888.802 | H11: =105*1.5 -> 157.5 | I11: =H11*G11 -> 454986.31 | J11: =I11*0.3 -> 136495.89 | K11: =+I11*0.02 -> 9099.7263 | L11: =+I11+J11+K11 -> 600581.94
A12: 5 | B12: BC - 30mm thick | C12: Metal | D12: =+'Abstrac- Road work'!C34 -> 1431 | E12: Cum | F12: 1.486 | G12: =F12*D12 -> 2126.466 | H12: =105*1.5 -> 157.5 | I12: =H12*G12 -> 334918.39 | J12: =I12*0.3 -> 100475.52 | K12: =+I12*0.02 -> 6698.3679 | L12: =+I12+J12+K12 -> 442092.28
A13: 6 | B13: Forming shoulders | C13: Earth | D13: =+'Abstrac- Road work'!C37 -> 5853 | E13: Cum | F13: 1 | G13: =F13*D13 -> 5853 | H13: =55*1.5 -> 82.5 | I13: =H13*G13 -> 482872.5 | J13: =I13*0.3 -> 144861.75 | K13: =+I13*0.02 -> 9657.45 | L13: =+I13+J13+K13 -> 637391.7
A14: 7 | B14: Forming Embankment | C14: Earth | E14: Cum | F14: 1 | G14: =F14*D14 -> 0 | H14: =55*1.5 -> 82.5 | I14: =H14*G14 -> 0 | J14: =I14*0.3 -> 0 | K14: =+I14*0.02 -> 0 | L14: =+I14+J14+K14 -> 0
B15: Earth work Excavation | C15: Earth | E15: Cum | F15: 1 | G15: =F15*D15 -> 0 | H15: =55*1.5 -> 82.5 | I15: =H15*G15 -> 0 | J15: =I15*0.3 -> 0 | K15: =+I15*0.02 -> 0 | L15: =+I15+J15+K15 -> 0
B16: CC Road
A17: 7 | B17: Remaval of unserviceable spils | C17: Cum | D17: =+'Abstrac- CC Pavement'!C6 -> 662 | E17: Cum | F17: 1 | G17: =F17*D17 -> 662 | H17: =55*1.5 -> 82.5 | I17: =H17*G17 -> 54615 | J17: =I17*0.3 -> 16384.5 | K17: =+I17*0.02 -> 1092.3 | L17: =+I17+J17+K17 -> 72091.8
A18: 8 | B18: GSB | C18: Earth | D18: =+'Abstrac- CC Pavement'!C9 -> 450 | E18: Cum | F18: 1 | G18: =F18*D18 -> 450 | H18: 157.5 | I18: =H18*G18 -> 70875 | J18: =I18*0.3 -> 21262.5 | K18: =+I18*0.02 -> 1417.5 | L18: =+I18+J18+K18 -> 93555
A19: 9 | B19: DLCC | C19: Metal | D19: =+'Abstrac- CC Pavement'!C12 -> 747 | E19: Cum | F19: 0.9 | G19: =F19*D19 -> 672.3 | H19: =105*1.5 -> 157.5 | I19: =H19*G19 -> 105887.25 | J19: =I19*0.3 -> 31766.175 | K19: =+I19*0.02 -> 2117.745 | L19: =+I19+J19+K19 -> 139771.17
A20: 10 | B20: PQC | C20: Metal | D20: =+'Abstrac- CC Pavement'!C15 -> 1471 | E20: Cum | F20: 0.9 | G20: =F20*D20 -> 1323.9 | H20: =105*1.5 -> 157.5 | I20: =H20*G20 -> 208514.25 | J20: =I20*0.3 -> 62554.275 | K20: =+I20*0.02 -> 4170.285 | L20: =+I20+J20+K20 -> 275238.81
A21: 7 | B21: Forming shoulders | C21: Earth | E21: Cum | F21: 1 | G21: =F21*D21 -> 0 | H21: =55*1.5 -> 82.5 | I21: =H21*G21 -> 0 | J21: =I21*0.3 -> 0 | K21: =+I21*0.02 -> 0 | L21: =+I21+J21+K21 -> 0
A22: 7 | B22: Forming Embankment | C22: Earth | E22: Cum | F22: 1 | G22: =F22*D22 -> 0 | H22: =55*1.5 -> 82.5 | I22: =H22*G22 -> 0 | J22: =I22*0.3 -> 0 | K22: =+I22*0.02 -> 0 | L22: =+I22+J22+K22 -> 0
B23: Pipe Culvert
A24: 10 | B24: Excavation for Foundation | C24: Earth | E24: Cum | F24: 1 | G24: =F24*D24 -> 0 | H24: =55*1.5 -> 82.5 | I24: =H24*G24 -> 0 | J24: =I24*0.3 -> 0 | K24: =+I24*0.02 -> 0
A25: 11 | B25: Earth work Excavation | C25: Earth | D25: =+'Abstract -Pipe Culvert'!C6 -> 461 | E25: Cum | F25: 1 | G25: =F25*D25 -> 461 | H25: =55*1.5 -> 82.5 | I25: =H25*G25 -> 38032.5 | J25: =I25*0.3 -> 11409.75 | K25: =+I25*0.02 -> 760.65 | L25: =+I25+J25+K25 -> 50202.9
A26: 12 | B26: VCC 1:3:6 | C26: Metal | D26: =+'Abstract -Pipe Culvert'!C12 -> 45 | E26: Cum | F26: 0.9 | G26: =F26*D26 -> 40.5 | H26: =105*1.5 -> 157.5 | I26: =H26*G26 -> 6378.75 | J26: =I26*0.3 -> 1913.625 | K26: =+I26*0.02 -> 127.575 | L26: =+I26+J26+K26 -> 8419.95
A27: 13 | B27: M15 For Sub Structure | C27: Metal | D27: =+'Abstract -Pipe Culvert'!C15 -> 205 | E27: Cum | F27: 0.9 | G27: =F27*D27 -> 184.5 | H27: =105*1.5 -> 157.5 | I27: =H27*G27 -> 29058.75 | J27: =I27*0.3 -> 8717.625 | K27: =+I27*0.02 -> 581.175 | L27: =+I27+J27+K27 -> 38357.55
A28: 13 | B28: Filter media
A29: 14 | B29: Filling with Gravel | C29: Earth | D29: =+'Abstract -Pipe Culvert'!C21 -> 263 | E29: Cum | F29: 1 | G29: =F29*D29 -> 263 | H29: =55*1.5 -> 82.5 | I29: =H29*G29 -> 21697.5 | J29: =I29*0.3 -> 6509.25 | K29: =+I29*0.02 -> 433.95 | L29: =+I29+J29+K29 -> 28640.7
B30: Slab Culvert
A31: 15 | B31: Earthwork excavation | C31: Cum | D31: =+'Abstract -Slab Culvert'!C9 -> 748 | E31: Cum | F31: 1 | G31: =F31*D31 -> 748 | H31: =55*1.5 -> 82.5 | I31: =H31*G31 -> 61710 | J31: =I31*0.3 -> 18513 | K31: =+I31*0.02 -> 1234.2 | L31: =+I31+J31+K31 -> 81457.2
A32: =+A31+1 -> 16 | B32: VCC 1:3:6 for Foundation | C32: Cum | D32: =+'Abstract -Slab Culvert'!C15 -> 67 | E32: Cum | F32: 0.9 | G32: =F32*D32 -> 60.3 | H32: =105*1.5 -> 157.5 | I32: =H32*G32 -> 9497.25 | J32: =I32*0.3 -> 2849.175 | K32: =+I32*0.02 -> 189.945 | L32: =+I32+J32+K32 -> 12536.37
A33: =+A32+1 -> 17 | B33: VCC M15 for footing | C33: Cum | D33: =+'Abstract -Slab Culvert'!C18 -> 270 | E33: Cum | F33: 0.9 | G33: =F33*D33 -> 243 | H33: =105*1.5 -> 157.5 | I33: =H33*G33 -> 38272.5 | J33: =I33*0.3 -> 11481.75 | K33: =+I33*0.02 -> 765.45 | L33: =+I33+J33+K33 -> 50519.7
A34: =+A33+1 -> 18 | B34: VCC M15 for Sub structure | C34: Cum | D34: =+'Abstract -Slab Culvert'!C21 -> 109 | E34: Cum | F34: 0.9 | G34: =F34*D34 -> 98.1 | H34: =105*1.5 -> 157.5 | I34: =H34*G34 -> 15450.75 | J34: =I34*0.3 -> 4635.225 | K34: =+I34*0.02 -> 309.015 | L34: =+I34+J34+K34 -> 20394.99
A35: =+A34+1 -> 19 | B35: VCC M20 for bed blocks | C35: Cum | D35: =+'Abstract -Slab Culvert'!C24 -> 10.1 | E35: Cum | F35: 0.9 | G35: =F35*D35 -> 9.09 | H35: =105*1.5 -> 157.5 | I35: =H35*G35 -> 1431.675 | J35: =I35*0.3 -> 429.5025 | K35: =+I35*0.02 -> 28.6335 | L35: =+I35+J35+K35 -> 1889.811
A36: =+A35+1 -> 20 | B36: VCC M30 for Deck slab | C36: Cum | D36: =+'Abstract -Slab Culvert'!C27 -> 87.6 | E36: Cum | F36: 0.9 | G36: =F36*D36 -> 78.84 | H36: =105*1.5 -> 157.5 | I36: =H36*G36 -> 12417.3 | J36: =I36*0.3 -> 3725.19 | K36: =+I36*0.02 -> 248.346 | L36: =+I36+J36+K36 -> 16390.836
A37: =+A36+1 -> 21 | B37: VCC M30 for wearing coat | C37: Cum | D37: =+'Abstract -Slab Culvert'!C30 -> 16.7 | E37: Cum | F37: 0.9 | G37: =F37*D37 -> 15.03 | H37: =105*1.5 -> 157.5 | I37: =H37*G37 -> 2367.225 | J37: =I37*0.3 -> 710.1675 | K37: =+I37*0.02 -> 47.3445 | L37: =+I37+J37+K37 -> 3124.737
A38: =+A37+1 -> 22 | B38: VCC M30 for railing | C38: CUM | D38: =+'Abstract -Slab Culvert'!C33*0.057 -> 2.337 | E38: Cum | F38: 0.9 | G38: =F38*D38 -> 2.1033 | H38: =105*1.5 -> 157.5 | I38: =H38*G38 -> 331.26975 | J38: =I38*0.3 -> 99.380925 | K38: =+I38*0.02 -> 6.625395 | L38: =+I38+J38+K38 -> 437.27607
A39: =+A38+1 -> 23 | B39: Back filling gravel | C39: Cum | D39: =+'Abstract -Slab Culvert'!C45 -> 229 | E39: Cum | F39: 1 | G39: =F39*D39 -> 229 | H39: =55*1.5 -> 82.5 | I39: =H39*G39 -> 18892.5 | J39: =I39*0.3 -> 5667.75 | K39: =+I39*0.02 -> 377.85 | L39: =+I39+J39+K39 -> 24938.1
A40: =+A39+1 -> 24 | B40: Filter media | C40: Cum | D40: =+'Abstract -Slab Culvert'!C48 -> 65 | E40: Cum | F40: 1.2 | G40: =F40*D40 -> 78 | H40: =105*1.5 -> 157.5 | I40: =H40*G40 -> 12285 | J40: =I40*0.3 -> 3685.5 | K40: =+I40*0.02 -> 245.7 | L40: =+I40+J40+K40 -> 16216.2
A41: =+A40+1 -> 25 | B41: Laying boulders apron on river bed | C41: Cum | D41: =+'Abstract -Slab Culvert'!C57 -> 120.4 | E41: Cum | F41: 1.2 | G41: =F41*D41 -> 144.48 | H41: =105*1.5 -> 157.5 | I41: =H41*G41 -> 22755.6 | J41: =I41*0.3 -> 6826.68 | K41: =+I41*0.02 -> 455.112 | L41: =+I41+J41+K41 -> 30037.392
A42: =+A41+1 -> 26 | B42: Laying filter material with gravel | C42: Cum | D42: =+'Abstract -Slab Culvert'!C60 -> 45 | E42: Cum | F42: 1.2 | G42: =F42*D42 -> 54 | H42: =55*1.5 -> 82.5 | I42: =H42*G42 -> 4455 | J42: =I42*0.3 -> 1336.5 | K42: =+I42*0.02 -> 89.1 | L42: =+I42+J42+K42 -> 5880.6
A43: =+A42+1 -> 27 | B43: Grouted revetment' with rough stone | C43: Cum | D43: =+'Abstract -Slab Culvert'!C63 -> 4 | E43: Cum | F43: 0.9 | G43: =F43*D43 -> 3.6 | H43: =105*1.5 -> 157.5 | I43: =H43*G43 -> 567 | J43: =I43*0.3 -> 170.1 | K43: =+I43*0.02 -> 11.34 | L43: =+I43+J43+K43 -> 748.44
A44: =+A43+1 -> 28 | B44: forming diversion road with borrowed earth | C44: Cum | D44: =+'Abstract -Slab Culvert'!C76 -> 780 | E44: Cum | F44: 1 | G44: =F44*D44 -> 780 | H44: =55*1.5 -> 82.5 | I44: =H44*G44 -> 64350 | J44: =I44*0.3 -> 19305 | K44: =+I44*0.02 -> 1287 | L44: =+I44+J44+K44 -> 84942
A45: =+A44+1 -> 29 | B45: VCC M15 levelling course for approach slab | C45: Cum | D45: =+'Abstract -Slab Culvert'!C69 -> 11.5 | E45: Cum | F45: 0.9 | G45: =F45*D45 -> 10.35 | H45: =105*1.5 -> 157.5 | I45: =H45*G45 -> 1630.125 | J45: =I45*0.3 -> 489.0375 | K45: =+I45*0.02 -> 32.6025 | L45: =+I45+J45+K45 -> 2151.765
A46: =+A45+1 -> 30 | B46: VCC M30 for approach slab | C46: Cum | D46: =+'Abstract -Slab Culvert'!C72 -> 30 | E46: Cum | F46: 0.9 | G46: =F46*D46 -> 27 | H46: =105*1.5 -> 157.5 | I46: =H46*G46 -> 4252.5 | J46: =I46*0.3 -> 1275.75 | K46: =+I46*0.02 -> 85.05 | L46: =+I46+J46+K46 -> 5613.3
H47: TOTAL RS: | I47: =SUM(I8:I46) -> 4331325.2 | J47: =SUM(J8:J46) -> 1299397.6 | K47: =SUM(K8:K46) -> 86626.504 | L47: =SUM(L6:L46) -> 8596447.5
H48: Or Say Rs: | L48: =ROUNDUP(L47,-2) -> 8596500

Sheet Abstract -Retaining Wall
A1: “Improvements to the Kommuchikkala - Madugupolavaram road from Km 0.000 to 2.60 in West Godavari District"
A2: ABSTRACT E S T I M A T E- Retaining Wall
A3: Sl. No | B3: Description of item | C3: Quantity | D3: Rate /Per | E3: Amount in Rs.
A5: 1 | B5: Earthwork excavation in soils upto SDR by mechanical means for foundations of structures as per drawing and technical specification including setting out, construction of shoring and bracing, removal of stumps and other deleterious matter, dressing sides of bottom, back filling the excavation earth to the extent required etc., complete for finished item of work, excluding seigniorage charges, as per MoRT&H specification 304 (5th Revision) and as directed by the Engineer-in-Charge
D6: =+'Road data'!J645 -> 108.5 | E6: =ROUND(D6*C6,0) -> 0
C7: CUM | D7: CUM
A8: 2 | B8: Providing Vibrated Cement Concrete (1:3:6) mix using 40mm size HBG crushed stone aggregate and fine aggregate conforming to table 1000-2 of MoRT&H including cost, conveyance of all materials to site and labour charges, centering, machine mixing, laying, Vibrating, curing etc., including all other incidental and operational charges of all T&P etc., complete for finished item of work as per MoRT&H specification 1500,1700, 2100 (5th Revision) and as directed by the Engineer-in-Charge for foundation.
D9: =+'Road data'!J696 -> 5579 | E9: =ROUND(D9*C9,0) -> 0
C10: CUM | D10: CUM
A11: 3 | B11: Sand filling in foundation including cost and conveyence of all materials to site and watering, tamping etc., complete for finshed item of work as per MoRT&H specification 304 (5th Revision) and as directed by the Engineer - in - Charge.
D12: =+'Road data'!J1409 -> 1465 | E12: =ROUND(D12*C12,0) -> 0 | G12: =2*8.9*1.4*0.15 -> 3.738
C13: CUM | D13: CUM
A14: 4 | B14: Vibrated cement concrete M 15 Grade Concrete using 40mm , 20mm and 10mm size HBG crushed stone aggregate (Coarse aggregate conforming to table 1000-1 and fine aggregate conforming to table 1000-2) including cost and conveyance of all materials to site and all labour charges for machine mixing, laying in position,Compacting, Vibrating and curing including all other incidental and all other operational charges of T&P required etc., complete as per MoRT&H Specification 1500,1700, 2200 (5th Revision) for Sub structure
D15: =+'Road data'!J973 -> 6809 | E15: =ROUND(D15*C15,0) -> 0
C16: CUM | D16: CUM
A17: 5 | B17: Providing and laying of filter media using 50% of 150 mm IRC soling stone and 50 % of 40 mm HBG metal satisfying the requirements laid down in clause 2504.2.2 of MoRT&H specifications to athickness of not less than 600mm with smaller size towards the soil and bigger size towards the wall and provided over the entire surface behind the abutment, wing wall and return wall to the full height compacted to a firm condition including cost and conveyance and all labour charges as directed by the departmental officers as per drawing and Technical specifications as per clause 710.1.1 of IRC:78 and Clause 2200 of MoRT&H (5th Revision) for finished item of work.
D18: =+'Road data'!J1292 -> 2520 | E18: =ROUND(D18*C18,0) -> 0
C19: CUM | D19: CUM
A20: 6 | B20: Providing weep holes in VCC Abutments, Return walls and wing walls with 100mm Diameter AC pipe extending through the full width of the structure at 1.00m C/C in both horizontal and vertical direction so that the weep holes in each horizontal direction is staggered from the weep holes laying above and below lines as shown in drawing including cost and conveyance of the A.C pipes and labour charges for cutting to required length, placing the pipe with a slope of about 1V : 20H towards stream side face etc., complete for finished item of work for weep holes as per MoRT&H specification 2706 & 2200 (5th Revision)
D21: =+'Road data'!J1745 -> 435 | E21: =ROUND(D21*C21,0) -> 0
C22: RM | D22: RM
A23: 7 | B23: Back filling behind Abutments with gravel including cost ,conveyance of all materials to site etc., complete as per Clause 710.1.4 of IRC : 78 and as per MoRT&H Specification No. 2200 (5th Revision) and as per Drawing and technical specifications for finished item of work
D24: =+'Road data'!J877 -> 1913 | E24: =ROUND(D24*C24,0) -> 0
C25: CUM | D25: CUM
A26: Total | E26: =SUM(E5:E25) -> 0
B33: AEE-I DEE-IV EE(TEC) | C33: DCE(R). | E33: ENC(MDRs)

Sheet RMR
B1: ROAD METAL RATES (SoR 2025-26)
B2: NAME OF WORK ::- | D2: =+COVER!C12 -> “Widening and Strengthening of Bapatla – Pandurangapuram road fom Km 0/000 to 8/000 in Bapatla District”
B3: Sl. No | C3: Description of Material | D3: Source of Supply | E3: Lead in Kms | F3: Conveyance | G3: Initial cost | H3: Blasting charges | I3: Machine crushing charges | J3: Toal Cost per Cum
C4: A) FOR ROAD WORKS
B5: 1 | C5: 60 to 63 mm IRC and MoRTH HBG metal | D5: 378/960 of MC road | E5: 53 | F5: =INDEX(Sheet1!$B$4:$D$153,MATCH(E5,Sheet1!$B$4:$B$153,0),3) -> 798.53 | G5: =Sheet1!G5 -> 553 | H5: =Sheet1!$G$41 -> 80 | J5: =SUM(F5:I5) -> 1431.53
B6: 2 | C6: 40 to 45 mm IRC and MoRTH HBG metal | E6: =E5 -> 53 | F6: =INDEX(Sheet1!$B$4:$D$153,MATCH(E6,Sheet1!$B$4:$B$153,0),3) -> 798.53 | G6: =Sheet1!G7 -> 810 | H6: =Sheet1!$G$41 -> 80 | J6: =SUM(F6:I6) -> 1688.53
B7: 3 | C7: SS Revetment work 300mm | E7: =E6 -> 53 | F7: =INDEX(Sheet1!$B$4:$D$153,MATCH(E7,Sheet1!$B$4:$B$153,0),3) -> 798.53 | G7: =Sheet1!G12 -> 137 | H7: =Sheet1!$G$42 -> 80 | J7: =SUM(F7:I7) -> 1015.53
B8: 4 | C8: Quarry spall(Field picked metal) Av. Of rate 25mm & 40mm | E8: =E7 -> 53 | F8: =INDEX(Sheet1!$B$4:$D$153,MATCH(E8,Sheet1!$B$4:$B$153,0),3) -> 798.53 | G8: =Sheet1!G17 -> 47.15 | J8: =SUM(F8:I8) -> 845.68
C9: 150 mm soling stone HBG metal | E9: =E6 -> 53 | F9: =INDEX(Sheet1!$B$4:$D$153,MATCH(E9,Sheet1!$B$4:$B$153,0),3) -> 798.53 | G9: =Sheet1!G18 -> 114 | H9: =Sheet1!$G$41 -> 80 | J9: =SUM(F9:I9) -> 992.53
B10: 6 | C10: Jeddy Stone 450 mm to 600 mm thick | E10: =E7 -> 53 | F10: =INDEX(Sheet1!$B$4:$D$153,MATCH(E10,Sheet1!$B$4:$B$153,0),3) -> 798.53 | G10: =Sheet1!G16 -> 159 | H10: 70 | J10: =SUM(F10:I10) -> 1027.53
B11: 3 | C11: 50 to 55 mm IRC and MoRTH HBG metal | E11: =E5 -> 53 | F11: =INDEX(Sheet1!$B$4:$D$153,MATCH(E11,Sheet1!$B$4:$B$153,0),3) -> 798.53 | G11: =Sheet1!G6 -> 603 | H11: =Sheet1!$G$41 -> 80 | I11: =ROUND(G11/4,2) -> 150.75 | J11: =SUM(F11:I11) -> 1632.28
B12: 4 | C12: 40 to 45 mm IRC and MoRTH HBG M/C metal | E12: =E11 -> 53 | F12: =INDEX(Sheet1!$B$4:$D$153,MATCH(E12,Sheet1!$B$4:$B$153,0),3) -> 798.53 | G12: =Sheet1!G19 -> 810 | H12: =Sheet1!$G$41 -> 80 | I12: =ROUND(G12/4,2) -> 202.5 | J12: =SUM(F12:I12) -> 1891.03
B13: 5 | C13: 25 to 27 mm IRC and MoRTH HBG M/C metal | E13: =E12 -> 53 | F13: =INDEX(Sheet1!$B$4:$D$153,MATCH(E13,Sheet1!$B$4:$B$153,0),3) -> 798.53 | G13: =Sheet1!G20 -> 1264 | H13: =Sheet1!$G$41 -> 80 | I13: =ROUND(G13/4,2) -> 316 | J13: =SUM(F13:I13) -> 2458.53
B14: 6 | C14: 19 to 22 mm IRC and MoRTH HBG M/C metal | E14: =E13 -> 53 | F14: =INDEX(Sheet1!$B$4:$D$153,MATCH(E14,Sheet1!$B$4:$B$153,0),3) -> 798.53 | G14: =Sheet1!G21 -> 1265 | H14: =Sheet1!$G$41 -> 80 | I14: =ROUND(G14/4,2) -> 316.25 | J14: =SUM(F14:I14) -> 2459.78
B15: 7 | C15: 12 to 14 mm IRC and MoRTH HBG M/C metal | E15: =E14 -> 53 | F15: =INDEX(Sheet1!$B$4:$D$153,MATCH(E15,Sheet1!$B$4:$B$153,0),3) -> 798.53 | G15: =Sheet1!G22 -> 980 | H15: =Sheet1!$G$41 -> 80 | I15: =ROUND(G15/4,2) -> 245 | J15: =SUM(F15:I15) -> 2103.53
B16: 8 | C16: 9.5 to 11.20 mm IRC and MoRTH HBG M/C metal | E16: =E15 -> 53 | F16: =INDEX(Sheet1!$B$4:$D$153,MATCH(E16,Sheet1!$B$4:$B$153,0),3) -> 798.53 | G16: =Sheet1!G23 -> 896 | H16: =Sheet1!$G$41 -> 80 | I16: =ROUND(G16/4,2) -> 224 | J16: =SUM(F16:I16) -> 1998.53
B17: 9 | C17: 5 to 7 mm IRC and MoRTH HBG M/C metal | E17: =E16 -> 53 | F17: =INDEX(Sheet1!$B$4:$D$153,MATCH(E17,Sheet1!$B$4:$B$153,0),3) -> 798.53 | G17: =Sheet1!G24 -> 737 | H17: =Sheet1!$G$41 -> 80 | I17: =ROUND(G17/4,2) -> 184.25 | J17: =SUM(F17:I17) -> 1799.78
B18: 10 | C18: 2.36 to 5 mm IRC and MoRTH HBG M/C metal | E18: =E17 -> 53 | F18: =INDEX(Sheet1!$B$4:$D$153,MATCH(E18,Sheet1!$B$4:$B$153,0),3) -> 798.53 | G18: =Sheet1!G25 -> 517 | H18: =Sheet1!$G$41 -> 80 | I18: =ROUND(G18/4,2) -> 129.25 | J18: =SUM(F18:I18) -> 1524.78
B19: 11 | C19: HBG Stone chips 2.36mm and below | E19: =E18 -> 53 | F19: =INDEX(Sheet1!$B$4:$D$153,MATCH(E19,Sheet1!$B$4:$B$153,0),3) -> 798.53 | G19: =Sheet1!G26 -> 498 | J19: =SUM(F19:I19) -> 1296.53
B20: 12 | C20: Filler material (2.36 mm & below) | E20: =E19 -> 53 | F20: =INDEX(Sheet1!$B$4:$D$153,MATCH(E20,Sheet1!$B$4:$B$153,0),3) -> 798.53 | G20: =G19 -> 498 | J20: =SUM(F20:I20) -> 1296.53
B21: 13 | C21: Gravel | E21: 48 | F21: =INDEX(Sheet1!$B$4:$D$153,MATCH(E21,Sheet1!$B$4:$B$153,0),2) -> 762.58 | G21: =Sheet1!G27 -> 190 | J21: =SUM(F21:I21) -> 952.58
C22: B) FOR Concrete. WORKS
B23: 14 | C23: 40 mm SS-5 HBG M/C metal | E23: =E12 -> 53 | F23: =INDEX(Sheet1!$B$4:$D$153,MATCH(E23,Sheet1!$B$4:$B$153,0),3) -> 798.53 | G23: =Sheet1!G28 -> 809 | H23: =Sheet1!$G$41 -> 80 | I23: =ROUND(G23/4,2) -> 202.25 | J23: =SUM(F23:I23) -> 1889.78
B24: 15 | C24: 25 mm SS-5 HBG M/C metal | E24: =E23 -> 53 | F24: =INDEX(Sheet1!$B$4:$D$153,MATCH(E24,Sheet1!$B$4:$B$153,0),3) -> 798.53 | G24: =Sheet1!G29 -> 1292 | H24: =Sheet1!$G$41 -> 80 | I24: =ROUND(G24/4,2) -> 323 | J24: =SUM(F24:I24) -> 2493.53
B25: 16 | C25: 20 mm SS-5 HBG M/C metal | E25: =E24 -> 53 | F25: =INDEX(Sheet1!$B$4:$D$153,MATCH(E25,Sheet1!$B$4:$B$153,0),3) -> 798.53 | G25: =Sheet1!G30 -> 1349 | H25: =Sheet1!$G$41 -> 80 | I25: =ROUND(G25/4,2) -> 337.25 | J25: =SUM(F25:I25) -> 2564.78
B26: 17 | C26: 12 mm SS-5 HBG M/C metal | E26: =E25 -> 53 | F26: =INDEX(Sheet1!$B$4:$D$153,MATCH(E26,Sheet1!$B$4:$B$153,0),3) -> 798.53 | G26: =Sheet1!G31 -> 1075 | H26: =Sheet1!$G$41 -> 80 | I26: =ROUND(G26/4,2) -> 268.75 | J26: =SUM(F26:I26) -> 2222.28
B27: 18 | C27: 10 mm SS-5 HBG M/C metal | E27: =E26 -> 53 | F27: =INDEX(Sheet1!$B$4:$D$153,MATCH(E27,Sheet1!$B$4:$B$153,0),3) -> 798.53 | G27: =Sheet1!G32 -> 903 | H27: =Sheet1!$G$41 -> 80 | I27: =ROUND(G27/4,2) -> 225.75 | J27: =SUM(F27:I27) -> 2007.28
B28: 19 | C28: 6 mm SS-5 HBG M/C metal | E28: =E27 -> 53 | F28: =INDEX(Sheet1!$B$4:$D$153,MATCH(E28,Sheet1!$B$4:$B$153,0),3) -> 798.53 | G28: =Sheet1!G33 -> 718 | H28: =Sheet1!$G$41 -> 80 | I28: =ROUND(G28/4,2) -> 179.5 | J28: =SUM(F28:I28) -> 1776.03
B29: 20 | C29: Sand for Concrete | E29: 57 | F29: =INDEX(Sheet1!$B$4:$D$153,MATCH(E29,Sheet1!$B$4:$B$153,0),2) -> 885.16 | J29: =SUM(F29:I29) -> 885.16
B30: 21 | C30: Sand for Filling | E30: 57 | F30: =INDEX(Sheet1!$B$4:$D$153,MATCH(E30,Sheet1!$B$4:$B$153,0),2) -> 885.16 | J30: =SUM(F30:I30) -> 885.16
B31: 22 | C31: Sand for Mortar | E31: 57 | F31: =INDEX(Sheet1!$B$4:$D$153,MATCH(E31,Sheet1!$B$4:$B$153,0),2) -> 885.16 | G31: =+Sheet1!G36 -> 128 | J31: =SUM(F31:I31) -> 1013.16
B32: 23 | C32: HYSD Steel | D32: GO RT No.549 dt 13.10.2025 of WRE Dept | G32: 58000 | J32: =G32 -> 58000
B33: 24 | C33: 6mm Mild Steel | G33: 57000 | J33: =G33 -> 57000
B34: 25 | C34: Mild Steel | G34: 60000 | J34: =G34 -> 60000 | K34: Conveyance
B35: 26 | C35: Cement | D35: SOR 2025-26 MAT 00005 | G35: 4220 | J35: =G35 -> 4220 | K35: upto 5Km | L35: extra/KM | M35: SSR Rate | N35: C1 | O35: C2 | P35: S1 | Q35: S2 | R35: WS | S35: WC | T35: Revised Rate | U35: Conveyance
B36: 31 | C36: Hume Pipes 300 mm Dia., NP4 | E36: 48 | F36: =U36 -> 145.58 | G36: =T36 -> 941 | J36: =SUM(F36:I36) -> 1086.58 | K36: 68.61 | L36: 1.79 | M36: 941 | N36: 4220 | O36: =G35 -> 4220 | P36: 55000 | Q36: 55000 | R36: 3.815 | S36: 19.234 | T36: =ROUND(M36+(O36-N36)*S36/1000+(Q36-P36)*R36/1000,2) -> 941 | U36: =(E36-5)*L36+K36 -> 145.58
B37: 32 | C37: Hume Pipes 450 mm Dia., NP4 | E37: 48 | F37: =U37 -> 228.73 | G37: =T37 -> 1405 | J37: =SUM(F37:I37) -> 1633.73 | K37: 95 | L37: 3.11 | M37: 1405 | N37: =N36 -> 4220 | O37: =O36 -> 4220 | P37: =P36 -> 55000 | Q37: =Q36 -> 55000 | R37: 5.126 | S37: 55.688 | T37: =ROUND(M37+(O37-N37)*S37/1000+(Q37-P37)*R37/1000,2) -> 1405 | U37: =(E37-5)*L37+K37 -> 228.73
B38: 31 | C38: Hume pipes 600mm Dia., NP4 | E38: 48 | F38: =U38 -> 454.55 | G38: =T38 -> 2723 | J38: =SUM(F38:I38) -> 3177.55 | K38: 156.56 | L38: 6.93 | M38: 2723 | N38: =N36 -> 4220 | O38: =O36 -> 4220 | P38: =P36 -> 55000 | Q38: =Q36 -> 55000 | R38: 13.126 | S38: 82.347 | T38: =ROUND(M38+(O38-N38)*S38/1000+(Q38-P38)*R38/1000,2) -> 2723 | U38: =(E38-5)*L38+K38 -> 454.55
B39: 34 | C39: Hume pipes 800mm Dia., NP4 | E39: 48 | F39: =U39 -> 554.63 | G39: =T39 -> 4796 | J39: =SUM(F39:I39) -> 5350.63 | K39: 209.34 | L39: 8.03 | M39: 4796 | N39: =N36 -> 4220 | O39: =O36 -> 4220 | P39: =P36 -> 55000 | Q39: =Q36 -> 55000 | R39: 27.184 | S39: 120.25 | T39: =ROUND(M39+(O39-N39)*S39/1000+(Q39-P39)*R39/1000,2) -> 4796 | U39: =(E39-5)*L39+K39 -> 554.63
B40: 35 | C40: Hume pipes 900mm Dia., NP4 | E40: 48 | F40: =U40 -> 926.74 | G40: =T40 -> 5988 | J40: =SUM(F40:I40) -> 6914.74 | K40: 274.43 | L40: 15.17 | M40: 5988 | N40: =N36 -> 4220 | O40: =O36 -> 4220 | P40: =P36 -> 55000 | Q40: =Q36 -> 55000 | R40: 33.826 | S40: 141.429 | T40: =ROUND(M40+(O40-N40)*S40/1000+(Q40-P40)*R40/1000,2) -> 5988 | U40: =(E40-5)*L40+K40 -> 926.74
B41: 27 | C41: Hume pipes 1000mm Dia., NP4 | E41: 48 | F41: =U41 -> 983.03 | G41: =T41 -> 8208 | J41: =SUM(F41:I41) -> 9191.03 | K41: 330.72 | L41: 15.17 | M41: 8208 | N41: =N36 -> 4220 | O41: =O36 -> 4220 | P41: =P36 -> 55000 | Q41: =Q36 -> 55000 | R41: 45.778 | S41: 181.347 | T41: =ROUND(M41+(O41-N41)*S41/1000+(Q41-P41)*R41/1000,2) -> 8208 | U41: =(E41-5)*L41+K41 -> 983.03
B42: 37 | C42: Hume pipes 1200mm Dia., NP4 | E42: 48 | F42: =U42 -> 1110.58 | G42: =T42 -> 11150 | J42: =SUM(F42:I42) -> 12260.58 | K42: 401.08 | L42: 16.5 | M42: 11150 | N42: =N36 -> 4220 | O42: =O36 -> 4220 | P42: =P36 -> 55000 | Q42: =Q36 -> 55000 | R42: 65.478 | S42: 224.023 | T42: =ROUND(M42+(O42-N42)*S42/1000+(Q42-P42)*R42/1000,2) -> 11150 | U42: =(E42-5)*L42+K42 -> 1110.58
C70: Cement for NP3 & NP4 | E70: As per 1S 458 2003
E72: barrel thick | F72: Volume of concrete | H72: Wt. of cement
D73: 300 | E73: 40 | F73: =(0.38*0.38-0.3*0.3)*22/7/4 -> 0.042742857 | H73: =F73*450 -> 19.234286
D74: 450 | E74: 75 | F74: =(0.6*0.6-0.45*0.45)*22/7/4 -> 0.12375 | H74: =F74*450 -> 55.6875
D75: 600 | E75: 85 | F75: =(0.77*0.77-0.6*0.6)*22/7/4 -> 0.18299286 | H75: =F75*450 -> 82.346786
D76: 800 | E76: 95 | F76: =(0.99*0.99-0.8*0.8)*22/7/4 -> 0.26722143 | H76: =F76*450 -> 120.24964
D77: 900 | E77: 100 | F77: =(1.1*1.1-0.9*0.9)*22/7/4 -> 0.31428571 | H77: =F77*450 -> 141.42857
D78: 1000 | E78: 115 | F78: =(1.23*1.23-1)*22/7/4 -> 0.40299286 | H78: =F78*450 -> 181.34679
D79: 1200 | E79: 120 | F79: =(1.44*1.44-1.2*1.2)*22/7/4 -> 0.49782857 | H79: =F79*450 -> 224.02286
C80: Steel for NP 4
D81: 300 | F81: =0.78 + (2.71)*140/125 -> 3.8152
D82: 450 | F82: =0.78 + (3.88)*140/125 -> 5.1256
D83: 600 | F83: =2.34 + (9.63)*140/125 -> 13.1256
D84: 800 | F84: =3.44 + (21.2)*140/125 -> 27.184
D85: 900 | F85: =3.44 + (27.13)*140/125 -> 33.8256
D86: 1000 | F86: =6.04 + (35.48)*140/125 -> 45.7776
D87: 1200 | F87: =6.04 + (53.07)*140/125 -> 65.4784
C88: Steel for NP3
D89: 300 | F89: =0.78+(1.8*140/125) -> 2.796
D90: 450 | F90: =0.78+(3.79*140/125) -> 5.0248
D91: 600 | F91: =1.18+ (7.01)*140/125 -> 9.0312
D92: 800 | F92: =2.66 + (13.04)*140/125 -> 17.2648
D93: 900 | F93: =2.66 + (18.3)*140/125 -> 23.156
D94: 1000 | F94: =2.66 + (21.52)*140/125 -> 26.7624
D95: 1200 | F95: =3.55 + (33.57)*140/125 -> 41.1484

Sheet RMR - BT Items
B1: ROAD METAL RATES (SoR 2025-26)
B2: NAME OF WORK ::- | D2: =+RMR!D2 -> “Widening and Strengthening of Bapatla – Pandurangapuram road fom Km 0/000 to 8/000 in Bapatla District”
B3: Sl. No | C3: Description of Material | D3: Source of Supply | E3: Lead in Kms | F3: Conveyance | G3: Initial cost | H3: Blasting charges | I3: Machine crushing charges | J3: Toal Cost per Cum
C4: A) FOR ROAD WORKS
B5: 1 | C5: 60 to 63 mm IRC and MoRTH HBG metal | D5: KM 290/0 of HG Road | E5: 44 | F5: =INDEX(Sheet1!$B$4:$D$153,MATCH(E5,Sheet1!$B$4:$B$153,0),3) -> 680.72 | G5: =Sheet1!G5 -> 553 | H5: =Sheet1!$G$41 -> 80 | J5: =SUM(F5:I5) -> 1313.72
B6: 2 | C6: 40 to 45 mm IRC and MoRTH HBG metal | E6: =E5 -> 44 | F6: =INDEX(Sheet1!$B$4:$D$153,MATCH(E6,Sheet1!$B$4:$B$153,0),3) -> 680.72 | G6: =Sheet1!G7 -> 810 | H6: =Sheet1!$G$41 -> 80 | J6: =SUM(F6:I6) -> 1570.72
B7: 3 | C7: SS Revetment work 300mm | E7: =E6 -> 44 | F7: =INDEX(Sheet1!$B$4:$D$153,MATCH(E7,Sheet1!$B$4:$B$153,0),3) -> 680.72 | G7: =Sheet1!G12 -> 137 | H7: =Sheet1!$G$42 -> 80 | J7: =SUM(F7:I7) -> 897.72
B8: 4 | C8: Quarry spall(Field picked metal) Av. Of rate 25mm & 40mm | E8: =E7 -> 44 | F8: =INDEX(Sheet1!$B$4:$D$153,MATCH(E8,Sheet1!$B$4:$B$153,0),3) -> 680.72 | G8: =Sheet1!G17 -> 47.15 | J8: =SUM(F8:I8) -> 727.87
C9: 150 mm soling stone HBG metal | E9: =E6 -> 44 | F9: =INDEX(Sheet1!$B$4:$D$153,MATCH(E9,Sheet1!$B$4:$B$153,0),3) -> 680.72 | G9: =Sheet1!G18 -> 114 | H9: =Sheet1!$G$41 -> 80 | J9: =SUM(F9:I9) -> 874.72
B10: 6 | C10: Jeddy Stone 450 mm to 600 mm thick | E10: =E7 -> 44 | F10: =INDEX(Sheet1!$B$4:$D$153,MATCH(E10,Sheet1!$B$4:$B$153,0),3) -> 680.72 | G10: =Sheet1!G16 -> 159 | H10: 70 | J10: =SUM(F10:I10) -> 909.72
B11: 3 | C11: 50 to 55 mm IRC and MoRTH HBG metal | E11: =E5 -> 44 | F11: =INDEX(Sheet1!$B$4:$D$153,MATCH(E11,Sheet1!$B$4:$B$153,0),3) -> 680.72 | G11: =Sheet1!G6 -> 603 | H11: =Sheet1!$G$41 -> 80 | I11: =ROUND(G11/4,2) -> 150.75 | J11: =SUM(F11:I11) -> 1514.47 | O11: =816.16/59 -> 13.83322
B12: 4 | C12: 40 to 45 mm IRC and MoRTH HBG M/C metal | E12: =E11 -> 44 | F12: =INDEX(Sheet1!$B$4:$D$153,MATCH(E12,Sheet1!$B$4:$B$153,0),3) -> 680.72 | G12: =Sheet1!G19 -> 810 | H12: =Sheet1!$G$41 -> 80 | I12: =ROUND(G12/4,2) -> 202.5 | J12: =SUM(F12:I12) -> 1773.22
B13: 5 | C13: 25 to 27 mm IRC and MoRTH HBG M/C metal | E13: =E12 -> 44 | F13: =INDEX(Sheet1!$B$4:$D$153,MATCH(E13,Sheet1!$B$4:$B$153,0),3) -> 680.72 | G13: =Sheet1!G20 -> 1264 | H13: =Sheet1!$G$41 -> 80 | I13: =ROUND(G13/4,2) -> 316 | J13: =SUM(F13:I13) -> 2340.72
B14: 10 | C14: 19 to 22 mm IRC and MoRTH HBG M/C metal | E14: =E13 -> 44 | F14: =INDEX(Sheet1!$B$4:$D$153,MATCH(E14,Sheet1!$B$4:$B$153,0),3) -> 680.72 | G14: =Sheet1!G21 -> 1265 | H14: =Sheet1!$G$41 -> 80 | I14: =ROUND(G14/4,2) -> 316.25 | J14: =SUM(F14:I14) -> 2341.97
B15: 6 | C15: 12 to 14 mm IRC and MoRTH HBG M/C metal | E15: =E14 -> 44 | F15: =INDEX(Sheet1!$B$4:$D$153,MATCH(E15,Sheet1!$B$4:$B$153,0),3) -> 680.72 | G15: =Sheet1!G22 -> 980 | H15: =Sheet1!$G$41 -> 80 | I15: =ROUND(G15/4,2) -> 245 | J15: =SUM(F15:I15) -> 1985.72
B16: 7 | C16: 9.5 to 11.20 mm IRC and MoRTH HBG M/C metal | E16: =E15 -> 44 | F16: =INDEX(Sheet1!$B$4:$D$153,MATCH(E16,Sheet1!$B$4:$B$153,0),3) -> 680.72 | G16: =Sheet1!G23 -> 896 | H16: =Sheet1!$G$41 -> 80 | I16: =ROUND(G16/4,2) -> 224 | J16: =SUM(F16:I16) -> 1880.72
B17: 8 | C17: 5 to 7 mm IRC and MoRTH HBG M/C metal | E17: =E16 -> 44 | F17: =INDEX(Sheet1!$B$4:$D$153,MATCH(E17,Sheet1!$B$4:$B$153,0),3) -> 680.72 | G17: =Sheet1!G24 -> 737 | H17: =Sheet1!$G$41 -> 80 | I17: =ROUND(G17/4,2) -> 184.25 | J17: =SUM(F17:I17) -> 1681.97
B18: 9 | C18: 2.36 to 5 mm IRC and MoRTH HBG M/C metal | E18: =E17 -> 44 | F18: =INDEX(Sheet1!$B$4:$D$153,MATCH(E18,Sheet1!$B$4:$B$153,0),3) -> 680.72 | G18: =Sheet1!G25 -> 517 | H18: =Sheet1!$G$41 -> 80 | I18: =ROUND(G18/4,2) -> 129.25 | J18: =SUM(F18:I18) -> 1406.97
B19: 10 | C19: HBG Stone chips 2.36mm and below | E19: =E18 -> 44 | F19: =INDEX(Sheet1!$B$4:$D$153,MATCH(E19,Sheet1!$B$4:$B$153,0),3) -> 680.72 | G19: =Sheet1!G26 -> 498 | J19: =SUM(F19:I19) -> 1178.72
B20: 11 | C20: Filler material (2.36 mm & below) | E20: =E19 -> 44 | F20: =INDEX(Sheet1!$B$4:$D$153,MATCH(E20,Sheet1!$B$4:$B$153,0),3) -> 680.72 | G20: =G19 -> 498 | J20: =SUM(F20:I20) -> 1178.72
B21: 12 | C21: Gravel | E21: 30 | F21: =INDEX(Sheet1!$B$4:$D$153,MATCH(E21,Sheet1!$B$4:$B$153,0),2) -> 517.42 | G21: =Sheet1!G27 -> 190 | J21: =SUM(F21:I21) -> 707.42
C22: B) FOR C.D. WORKS | E22: .
B23: 18 | C23: 40 mm SS-5 HBG M/C metal | E23: =E12 -> 44 | F23: =INDEX(Sheet1!$B$4:$D$153,MATCH(E23,Sheet1!$B$4:$B$153,0),3) -> 680.72 | G23: =Sheet1!G28 -> 809 | H23: =Sheet1!$G$41 -> 80 | I23: =ROUND(G23/4,2) -> 202.25 | J23: =SUM(F23:I23) -> 1771.97
B24: 19 | C24: 25 mm SS-5 HBG M/C metal | E24: =E23 -> 44 | F24: =INDEX(Sheet1!$B$4:$D$153,MATCH(E24,Sheet1!$B$4:$B$153,0),3) -> 680.72 | G24: =Sheet1!G29 -> 1292 | H24: =Sheet1!$G$41 -> 80 | I24: =ROUND(G24/4,2) -> 323 | J24: =SUM(F24:I24) -> 2375.72
B25: 20 | C25: 20 mm SS-5 HBG M/C metal | E25: =E24 -> 44 | F25: =INDEX(Sheet1!$B$4:$D$153,MATCH(E25,Sheet1!$B$4:$B$153,0),3) -> 680.72 | G25: =Sheet1!G30 -> 1349 | H25: =Sheet1!$G$41 -> 80 | I25: =ROUND(G25/4,2) -> 337.25 | J25: =SUM(F25:I25) -> 2446.97
B26: 21 | C26: 12 mm SS-5 HBG M/C metal | E26: =E25 -> 44 | F26: =INDEX(Sheet1!$B$4:$D$153,MATCH(E26,Sheet1!$B$4:$B$153,0),3) -> 680.72 | G26: =Sheet1!G31 -> 1075 | H26: =Sheet1!$G$41 -> 80 | I26: =ROUND(G26/4,2) -> 268.75 | J26: =SUM(F26:I26) -> 2104.47
B27: 22 | C27: 10 mm SS-5 HBG M/C metal | E27: =E26 -> 44 | F27: =INDEX(Sheet1!$B$4:$D$153,MATCH(E27,Sheet1!$B$4:$B$153,0),3) -> 680.72 | G27: =Sheet1!G32 -> 903 | H27: =Sheet1!$G$41 -> 80 | I27: =ROUND(G27/4,2) -> 225.75 | J27: =SUM(F27:I27) -> 1889.47
B28: 23 | C28: 6 mm SS-5 HBG M/C metal | E28: =E27 -> 44 | F28: =INDEX(Sheet1!$B$4:$D$153,MATCH(E28,Sheet1!$B$4:$B$153,0),3) -> 680.72 | G28: =Sheet1!G33 -> 718 | H28: =Sheet1!$G$41 -> 80 | I28: =ROUND(G28/4,2) -> 179.5 | J28: =SUM(F28:I28) -> 1658.22
B29: 24 | C29: Sand for Concrete | E29: 73 | F29: =INDEX(Sheet1!$B$4:$D$153,MATCH(E29,Sheet1!$B$4:$B$153,0),2) -> 1103.08 | J29: =SUM(F29:I29) -> 1103.08
B30: 25 | C30: Sand for Filling | E30: 73 | F30: =INDEX(Sheet1!$B$4:$D$153,MATCH(E30,Sheet1!$B$4:$B$153,0),2) -> 1103.08 | J30: =SUM(F30:I30) -> 1103.08
B31: 26 | C31: Sand for Mortar | E31: 73 | F31: =INDEX(Sheet1!$B$4:$D$153,MATCH(E31,Sheet1!$B$4:$B$153,0),2) -> 1103.08 | G31: =+Sheet1!G36 -> 128 | J31: =SUM(F31:I31) -> 1231.08
B32: 27 | C32: HYSD Steel | G32: 58000 | J32: =G32 -> 58000
B33: 28 | C33: 6mm Mild Steel | G33: 57000 | J33: =G33 -> 57000
B34: 29 | C34: Mild Steel | G34: 60000 | J34: =G34 -> 60000 | K34: Conveyance
B35: 30 | C35: Cement | D35: SOR 2025-26 MAT 00005 | G35: 4220 | J35: =G35 -> 4220 | K35: upto 5Km | L35: extra/KM | M35: SSR Rate | N35: C1 | O35: C2 | P35: S1 | Q35: S2 | R35: WS | S35: WC | T35: Revised Rate | U35: Conveyance
B36: 31 | C36: Hume Pipes 300 mm Dia., NP4 | E36: 47 | F36: =U36 -> 135.75 | G36: =T36 -> 941 | J36: =SUM(F36:I36) -> 1076.75 | K36: 64.77 | L36: 1.69 | M36: 941 | N36: 4220 | O36: =G35 -> 4220 | P36: 57000 | Q36: =G33 -> 57000 | R36: 3.815 | S36: 19.234 | T36: =ROUND(M36+(O36-N36)*S36/1000+(Q36-P36)*R36/1000,2) -> 941 | U36: =(E36-5)*L36+K36 -> 135.75
B37: 32 | C37: Hume Pipes 450 mm Dia., NP4 | E37: =E36 -> 47 | F37: =U37 -> 213.16 | G37: =T37 -> 1405 | J37: =SUM(F37:I37) -> 1618.16 | K37: 89.68 | L37: 2.94 | M37: 1405 | N37: =N36 -> 4220 | O37: =O36 -> 4220 | P37: =P36 -> 57000 | Q37: =Q36 -> 57000 | R37: 5.126 | S37: 55.688 | T37: =ROUND(M37+(O37-N37)*S37/1000+(Q37-P37)*R37/1000,2) -> 1405 | U37: =(E37-5)*L37+K37 -> 213.16
B38: 31 | C38: Hume pipes 600mm Dia., NP4 | E38: =E36 -> 47 | F38: =U38 -> 422.47 | G38: =T38 -> 2723 | J38: =SUM(F38:I38) -> 3145.47 | K38: 147.79 | L38: 6.54 | M38: 2723 | N38: =N36 -> 4220 | O38: =O36 -> 4220 | P38: =P36 -> 57000 | Q38: =Q36 -> 57000 | R38: 13.126 | S38: 82.347 | T38: =ROUND(M38+(O38-N38)*S38/1000+(Q38-P38)*R38/1000,2) -> 2723 | U38: =(E38-5)*L38+K38 -> 422.47
B39: 34 | C39: Hume pipes 800mm Dia., NP4 | E39: =E36 -> 47 | F39: =U39 -> 515.98 | G39: =T39 -> 4796 | J39: =SUM(F39:I39) -> 5311.98 | K39: 197.62 | L39: 7.58 | M39: 4796 | N39: =N36 -> 4220 | O39: =O36 -> 4220 | P39: =P36 -> 57000 | Q39: =Q36 -> 57000 | R39: 27.184 | S39: 120.25 | T39: =ROUND(M39+(O39-N39)*S39/1000+(Q39-P39)*R39/1000,2) -> 4796 | U39: =(E39-5)*L39+K39 -> 515.98
B40: 35 | C40: Hume pipes 900mm Dia., NP4 | E40: =E36 -> 47 | F40: =U40 -> 860.5 | G40: =T40 -> 5988 | J40: =SUM(F40:I40) -> 6848.5 | K40: 259.06 | L40: 14.32 | M40: 5988 | N40: =N36 -> 4220 | O40: =O36 -> 4220 | P40: =P36 -> 57000 | Q40: =Q36 -> 57000 | R40: 33.826 | S40: 141.429 | T40: =ROUND(M40+(O40-N40)*S40/1000+(Q40-P40)*R40/1000,2) -> 5988 | U40: =(E40-5)*L40+K40 -> 860.5
B41: 31 | C41: Hume pipes 1000mm Dia., NP4 | E41: =E36 -> 47 | F41: =U41 -> 913.64 | G41: =T41 -> 8208 | J41: =SUM(F41:I41) -> 9121.64 | K41: 312.2 | L41: 14.32 | M41: 8208 | N41: =N36 -> 4220 | O41: =O36 -> 4220 | P41: =P36 -> 57000 | Q41: =Q36 -> 57000 | R41: 45.778 | S41: 181.347 | T41: =ROUND(M41+(O41-N41)*S41/1000+(Q41-P41)*R41/1000,2) -> 8208 | U41: =(E41-5)*L41+K41 -> 913.64
B42: 37 | C42: Hume pipes 1200mm Dia., NP4 | E42: =E36 -> 47 | F42: =U42 -> 1032.99 | G42: =T42 -> 11150 | J42: =SUM(F42:I42) -> 12182.99 | K42: 378.63 | L42: 15.58 | M42: 11150 | N42: =N36 -> 4220 | O42: =O36 -> 4220 | P42: =P36 -> 57000 | Q42: =Q36 -> 57000 | R42: 65.478 | S42: 224.023 | T42: =ROUND(M42+(O42-N42)*S42/1000+(Q42-P42)*R42/1000,2) -> 11150 | U42: =(E42-5)*L42+K42 -> 1032.99
C70: Cement for NP3 & NP4 | E70: As per 1S 458 2003
E72: barrel thick | F72: Volume of concrete | H72: Wt. of cement
D73: 300 | E73: 40 | F73: =(0.38*0.38-0.3*0.3)*22/7/4 -> 0.042742857 | H73: =F73*450 -> 19.234286
D74: 450 | E74: 75 | F74: =(0.6*0.6-0.45*0.45)*22/7/4 -> 0.12375 | H74: =F74*450 -> 55.6875
D75: 600 | E75: 85 | F75: =(0.77*0.77-0.6*0.6)*22/7/4 -> 0.18299286 | H75: =F75*450 -> 82.346786
D76: 800 | E76: 95 | F76: =(0.99*0.99-0.8*0.8)*22/7/4 -> 0.26722143 | H76: =F76*450 -> 120.24964
D77: 900 | E77: 100 | F77: =(1.1*1.1-0.9*0.9)*22/7/4 -> 0.31428571 | H77: =F77*450 -> 141.42857
D78: 1000 | E78: 115 | F78: =(1.23*1.23-1)*22/7/4 -> 0.40299286 | H78: =F78*450 -> 181.34679
D79: 1200 | E79: 120 | F79: =(1.44*1.44-1.2*1.2)*22/7/4 -> 0.49782857 | H79: =F79*450 -> 224.02286
C80: Steel for NP 4
D81: 300 | F81: =0.78 + (2.71)*140/125 -> 3.8152
D82: 450 | F82: =0.78 + (3.88)*140/125 -> 5.1256
D83: 600 | F83: =2.34 + (9.63)*140/125 -> 13.1256
D84: 800 | F84: =3.44 + (21.2)*140/125 -> 27.184
D85: 900 | F85: =3.44 + (27.13)*140/125 -> 33.8256
D86: 1000 | F86: =6.04 + (35.48)*140/125 -> 45.7776
D87: 1200 | F87: =6.04 + (53.07)*140/125 -> 65.4784
C88: Steel for NP3
D89: 300 | F89: =0.78+(1.8*140/125) -> 2.796
D90: 450 | F90: =0.78+(3.79*140/125) -> 5.0248
D91: 600 | F91: =1.18+ (7.01)*140/125 -> 9.0312
D92: 800 | F92: =2.66 + (13.04)*140/125 -> 17.2648
D93: 900 | F93: =2.66 + (18.3)*140/125 -> 23.156
D94: 1000 | F94: =2.66 + (21.52)*140/125 -> 26.7624
D95: 1200 | F95: =3.55 + (33.57)*140/125 -> 41.1484

Sheet BTR - Final
B1: COST OF BITUMEN / MT WITH LEADS
A3: =+RMR!D2 -> “Widening and Strengthening of Bapatla – Pandurangapuram road fom Km 0/000 to 8/000 in Bapatla District”
B5: Ref ::- | C5: For Emulsion (Bulk) , HPCL Price List with effect from Dt. 16.02.2026
B6: For Bulk Bitumen VG-30 & VG-10 HPCL Price List With effect from Dt. 16.02.2026
F8: Bulk VG-30 Grade | G8: Emulsion (SS1) | H8: Bulk VG-10 Grade
F9: Vizag | G9: Vizag | H9: Vizag
B11: Basic Price | F11: 47830 | G11: 48143 | H11: 47730
B14: Lead from Vizag
D16: 442 | E16: Kms | F16: =ROUND(2*D16,0)*D18 -> 1856.4 | G16: =ROUND(2*D16,0)*D18 -> 1856.4 | H16: =G16 -> 1856.4
B17: Lead charges for Bulk @
D18: 2.1 | E18: per KM
F21: =F11+F16 -> 49686.4 | G21: =G11+G16 -> 49999.4 | H21: =H11+H16 -> 49586.4
B24: Ref :- | C24: For Emulsion (Bulk), ITPL Price List with effect from Dt. 16-02-2026
C25: For Bulk Bitumen VG-30 & VG-10, IOCL Chennai with effect from Dt. 16-02-2026
F26: Bulk 60/70 Grade (VG-30) | G26: Emulsion (SS1) | H26: Bulk 80/100 Grade (VG-10)
B27: From Chennai
B29: Basic Price | F29: 45402 | G29: 46363 | H29: 44602
B31: Lead from Chennai
D32: 376 | E32: Kms | F32: =ROUND(2*D32,0)*D34 -> 1579.2 | G32: =ROUND(2*D32,0)*D34 -> 1579.2 | H32: =ROUND(2*D32,0)*D34 -> 1579.2
B33: Lead charges for Bulk @
D34: 2.1 | E34: per Km
F37: =+F29+F32 -> 46981.2 | G37: =+G29+G32 -> 47942.2 | H37: =+H29+H32 -> 46181.2
B39: Rates to be adopted | F39: =MIN(F21,F37) -> 46981.2 | G39: =MIN(G21,G37) -> 47942.2 | H39: =MIN(H21,H37) -> 46181.2
C44: AEE | D44: DEE-IV | F44: EE(TEC) | G44: DCE(R)

Sheet Sheet1
F1: SSR RATES 2026-27
B2: LEAD CHARGES | F2: Cost of Materials, Labour
B3: Km | C3: Earth/Gravel/Sand | D3: Metal | H3: CFMS Code
B4: 1 | C4: 40.85 | D4: 39.27 | F4: Material Rates
B5: 2 | C5: 57.18 | D5: 54.97 | F5: 60 to 63 mm IRC & MoRTH HBG metal | G5: 553 | H5: MAT-00442
B6: 3 | C6: 76.25 | D6: 73.3 | F6: 50 to 55 mm IRC & MoRTH HBG metal | G6: 603 | H6: MAT-00441
B7: 4 | C7: 92.58 | D7: 89 | F7: 40 to 45 mm IRC & MoRTH HBG metal | G7: 810 | H7: MAT-00440
B8: 5 | C8: 108.92 | D8: 104.71 | F8: Quarry Rubbish | G8: 105 | H8: MAT-00473
B9: 6 | C9: =C8+16.34 -> 125.26 | D9: =D8+15.71 -> 120.42 | F9: Roughstone 300mm (HBG) for revetment | G9: 137
B10: 7 | C10: =C9+16.34 -> 141.6 | D10: =D9+15.71 -> 136.13 | F10: Roughstone 225mm (HBG) for revetment | G10: 121 | H10: MAT-00341
B11: 8 | C11: =C10+16.34 -> 157.94 | D11: =D10+15.71 -> 151.84 | F11: SS Revetment work 225mm | G11: 121 | H11: MAT-00341
B12: 9 | C12: =C11+16.34 -> 174.28 | D12: =D11+15.71 -> 167.55 | F12: SS Revetment work 300mm | G12: 137 | H12: MAT-00176
B13: 10 | C13: =C12+16.34 -> 190.62 | D13: =D12+15.71 -> 183.26 | F13: SS Revetment work 450mm | G13: 148.55 | H13: MAT-00406
B14: 11 | C14: =C13+16.34 -> 206.96 | D14: =D13+15.71 -> 198.97 | F14: Laterite for Revetment 225mm | G14: 129.5 | H14: MAT-00408 | L14: 78.3
B15: 12 | C15: =C14+16.34 -> 223.3 | D15: =D14+15.71 -> 214.68 | F15: Laterite for Revetment 300mm | G15: 151.43 | H15: MAT-00409 | L15: 11.7
B16: 13 | C16: =C15+16.34 -> 239.64 | D16: =D15+15.71 -> 230.39 | F16: Jeddy stone above 450mm to 600mm | G16: 159 | H16: MAT-00407
B17: 14 | C17: =C16+16.34 -> 255.98 | D17: =D16+15.71 -> 246.1 | F17: Quarry spall(Field picked metal) Av. of rate 25mm & 40mm | G17: =(43.8+50.5)/2 -> 47.15 | H17: MAT-00468 & MAT-00469 | I17: 43.8 | J17: 50.5 | L17: =78.3+25*11.7 -> 370.8
B18: 15 | C18: =C17+16.34 -> 272.32 | D18: =D17+15.71 -> 261.81 | F18: 150 mm soling stone HBG metal | G18: 114 | H18: MAT-00464 | L18: 9.8
B19: 16 | C19: =C18+16.34 -> 288.66 | D19: =D18+15.71 -> 277.52 | F19: 40 to 45 mm IRC & MoRTH HBG M/C metal | G19: 810 | H19: MAT-00440
B20: 17 | C20: =C19+16.34 -> 305 | D20: =D19+15.71 -> 293.23 | F20: 25 to 27 mm IRC & MoRTH HBG M/C metal | G20: 1264 | H20: MAT-00439
B21: 18 | C21: =C20+16.34 -> 321.34 | D21: =D20+15.71 -> 308.94 | F21: 19 to 22 mm IRC & MoRTH HBG M/C metal | G21: 1265 | H21: MAT-00438 | L21: =370.8+9.8*120 -> 1546.8
B22: 19 | C22: =C21+16.34 -> 337.68 | D22: =D21+15.71 -> 324.65 | F22: 12 to 14 mm IRC & MoRTH HBG M/C metal | G22: 980 | H22: MAT-00437
B23: 20 | C23: =C22+16.34 -> 354.02 | D23: =D22+15.71 -> 340.36 | F23: 9.5 to 11.20 mm IRC & MoRTH HBG M/C metal | G23: 896 | H23: MAT-00436
B24: 21 | C24: =C23+16.34 -> 370.36 | D24: =D23+15.71 -> 356.07 | F24: 5 to 7 mm IRC & MoRTH HBG M/C metal | G24: 737 | H24: MAT-00435
B25: 22 | C25: =C24+16.34 -> 386.7 | D25: =D24+15.71 -> 371.78 | F25: 2.36 to 5 mm IRC & MoRTH HBG M/C metal | G25: 517 | H25: MAT-00434
B26: 23 | C26: =C25+16.34 -> 403.04 | D26: =D25+15.71 -> 387.49 | F26: HBG Stone chips 2.36mm and below | G26: 498 | H26: MAT-00068
B27: 24 | C27: =C26+16.34 -> 419.38 | D27: =D26+15.71 -> 403.2 | F27: Gravel | G27: 190 | H27: MAT-00177
B28: 25 | C28: =C27+16.34 -> 435.72 | D28: =D27+15.71 -> 418.91 | F28: 40 mm SS-5 m/c HBG metal | G28: 809 | H28: MAT-00220
B29: 26 | C29: =C28+16.34 -> 452.06 | D29: =D28+15.71 -> 434.62 | F29: 25 mm SS-5 m/c HBG metal | G29: 1292 | H29: MAT-00219
B30: 27 | C30: =C29+16.34 -> 468.4 | D30: =D29+15.71 -> 450.33 | F30: 20 mm SS-5 m/c HBG metal | G30: 1349 | H30: MAT-00218
B31: 28 | C31: =C30+16.34 -> 484.74 | D31: =D30+15.71 -> 466.04 | F31: 12 mm SS-5 m/c HBG metal | G31: 1075 | H31: MAT-00217 | J31: =81.1+12.2*25 -> 386.1
B32: 29 | C32: =C31+16.34 -> 501.08 | D32: =D31+15.71 -> 481.75 | F32: 10 mm SS-5 m/c HBG metal | G32: 903 | H32: MAT-00216 | J32: 10.1
B33: 30 | C33: =C32+16.34 -> 517.42 | D33: =D32+15.71 -> 497.46 | F33: 6 mm SS-5 m/c HBG metal | G33: 718 | H33: MAT-00215
B34: 31 | C34: =C33+13.62 -> 531.04 | D34: =D33+13.09 -> 510.55 | F34: Sand for concrete | G34: 0 | H34: MAT-00027
B35: 32 | C35: =C34+13.62 -> 544.66 | D35: =D34+13.09 -> 523.64 | F35: Sand for Filling | G35: 0 | H35: MAT-00028
B36: 33 | C36: =C35+13.62 -> 558.28 | D36: =D35+13.09 -> 536.73 | F36: Sand for Mortar / Plastering | G36: 128 | H36: MAT-00029
B37: 34 | C37: =C36+13.62 -> 571.9 | D37: =D36+13.09 -> 549.82
B38: 35 | C38: =C37+13.62 -> 585.52 | D38: =D37+13.09 -> 562.91
B39: 36 | C39: =C38+13.62 -> 599.14 | D39: =D38+13.09 -> 576
B40: 37 | C40: =C39+13.62 -> 612.76 | D40: =D39+13.09 -> 589.09 | F40: Blasting charges
B41: 38 | C41: =C40+13.62 -> 626.38 | D41: =D40+13.09 -> 602.18 | F41: Blasting charges | G41: 80
B42: 39 | C42: =C41+13.62 -> 640 | D42: =D41+13.09 -> 615.27 | F42: Blasting charges for rough stone | G42: 80
B43: 40 | C43: =C42+13.62 -> 653.62 | D43: =D42+13.09 -> 628.36
B44: 41 | C44: =C43+13.62 -> 667.24 | D44: =D43+13.09 -> 641.45
B45: 42 | C45: =C44+13.62 -> 680.86 | D45: =D44+13.09 -> 654.54
B46: 43 | C46: =C45+13.62 -> 694.48 | D46: =D45+13.09 -> 667.63
B47: 44 | C47: =C46+13.62 -> 708.1 | D47: =D46+13.09 -> 680.72 | F47: Labour Rates
B48: 45 | C48: =C47+13.62 -> 721.72 | D48: =D47+13.09 -> 693.81 | F48: Mate | G48: 730 | H48: LAB-00117
B49: 46 | C49: =C48+13.62 -> 735.34 | D49: =D48+13.09 -> 706.9 | F49: Mazdoor skilled | G49: =Q49 -> 763 | H49: LAB-00011 & LAB-00091 | J49: 30% 1st class Mason + 70% 2nd class mason | O49: 840 | P49: 730 | Q49: =(O49*0.3+P49*0.7) -> 763
B50: 47 | C50: =C49+13.62 -> 748.96 | D50: =D49+13.09 -> 719.99 | F50: Mazdoor unskilled | G50: 680 | H50: LAB-00120
B51: 48 | C51: =C50+13.62 -> 762.58 | D51: =D50+13.09 -> 733.08 | F51: Machinery Rates
B52: 49 | C52: =C51+13.62 -> 776.2 | D52: =D51+13.09 -> 746.17 | F52: Dozer 80 HP for spreading @ 200 cum per hour | G52: 3151.13 | H52: HIR 00008
B53: 50 | C53: =C52+13.62 -> 789.82 | D53: =D52+13.09 -> 759.26 | F53: Motor grader 3.35M Blade @50 cum/Hr | G53: 4066 | H53: HIR-00073
B54: 51 | C54: =C53+13.62 -> 803.44 | D54: =D53+13.09 -> 772.35 | F54: Hydralic excavator | G54: 3767.61 | H54: HIR 00052
B55: 52 | C55: =C54+13.62 -> 817.06 | D55: =D54+13.09 -> 785.44 | F55: Front end loader 1 cum capacity | G55: 2166 | H55: HIR-00074
B56: 53 | C56: =C55+13.62 -> 830.68 | D56: =D55+13.09 -> 798.53 | F56: Tipper 5.5 cum | G56: 1361.53 | H56: HIR 00054
B57: 54 | C57: =C56+13.62 -> 844.3 | D57: =D56+13.09 -> 811.62 | F57: Vibratory roller 8T | G57: 3703.96 | H57: HIR 00062 | I57: S No.62, Pg.46
B58: 55 | C58: =C57+13.62 -> 857.92 | D58: =D57+13.09 -> 824.71 | F58: Smooth wheeled roller 8 Ton | G58: 1887.89 | H58: HIR 00050 | I58: S No.50, Pg.45
B59: 56 | C59: =C58+13.62 -> 871.54 | D59: =D58+13.09 -> 837.8 | F59: Water tanker 6 KL | G59: 872 | H59: HIR-00076
B60: 57 | C60: =C59+13.62 -> 885.16 | D60: =D59+13.09 -> 850.89 | F60: Tractor | G60: 568 | H60: HIR-00077
B61: 58 | C61: =C60+13.62 -> 898.78 | D61: =D60+13.09 -> 863.98 | F61: Tractor with Rotavator | G61: 581 | H61: HIR-00078
B62: 59 | C62: =C61+13.62 -> 912.4 | D62: =D61+13.09 -> 877.07 | F62: Tractor with ripper attachment @ 60 cum per hour | G62: 581 | H62: HIR-00079
B63: 60 | C63: =C62+13.62 -> 926.02 | D63: =D62+13.09 -> 890.16 | F63: Air compressor 250 cfm | G63: 697.25 | H63: HIR 00002 | I63: As per WR Dept. (S.No.2) Pg 43
B64: 61 | C64: =C63+13.62 -> 939.64 | D64: =D63+13.09 -> 903.25 | F64: Wet mix plant of 60 tonne hr. capacity | G64: 2125 | H64: HIR-00080
B65: 62 | C65: =C64+13.62 -> 953.26 | D65: =D64+13.09 -> 916.34 | F65: Mechanical broom @ 1250 sqm/hr. | G65: 487 | H65: HIR-00081
B66: 63 | C66: =C65+13.62 -> 966.88 | D66: =D65+13.09 -> 929.43 | F66: Bitumen pressure distributor @1750 sqm/hr | G66: 2022 | H66: HIR-00082
B67: 64 | C67: =C66+13.62 -> 980.5 | D67: =D66+13.09 -> 942.52 | F67: Emulsion pressure distributor @1750 sqm/hr | G67: 1149 | H67: HIR-00083
B68: 65 | C68: =C67+13.62 -> 994.12 | D68: =D67+13.09 -> 955.61 | F68: Hot mix plant 40 to 60 TPH | G68: 26093 | H68: HIR-00087
B69: 66 | C69: =C68+13.62 -> 1007.74 | D69: =D68+13.09 -> 968.7 | F69: Mechanical Paver finisher 100 TPH | G69: 3035 | H69: HIR-00089
B70: 67 | C70: =C69+13.62 -> 1021.36 | D70: =D69+13.09 -> 981.79 | F70: Hydraulic self propelled chip spreader @ 1500 sqm/hr. | G70: 3462 | H70: HIR-00090
B71: 68 | C71: =C70+13.62 -> 1034.98 | D71: =D70+13.09 -> 994.88 | F71: Finish rolling with 6-8 tonne smooth wheeled tandem roller. | G71: 2342 | H71: HIR-00091
B72: 69 | C72: =C71+13.62 -> 1048.6 | D72: =D71+13.09 -> 1007.97 | F72: Pneumatic road Roller | G72: 1912 | H72: HIR-00092
B73: 70 | C73: =C72+13.62 -> 1062.22 | D73: =D72+13.09 -> 1021.06 | F73: GSB Plant 50 Cum | G73: 1558 | H73: HIR-00095
B74: 71 | C74: =C73+13.62 -> 1075.84 | D74: =D73+13.09 -> 1034.15 | F74: Generator 250 KVA | G74: 2728 | H74: HIR-00110
B75: 72 | C75: =C74+13.62 -> 1089.46 | D75: =D74+13.09 -> 1047.24 | F75: Generator set 125 KVA | G75: 1947 | H75: HIR-00111
B76: 73 | C76: =C75+13.62 -> 1103.08 | D76: =D75+13.09 -> 1060.33 | F76: Generator set 35 KVA | G76: 1464.37 | H76: HIR 00023 | I76: As per WR Dept. (S.No.23)
B77: 74 | C77: =C76+13.62 -> 1116.7 | D77: =D76+13.09 -> 1073.42 | F77: Concrete mixer 0.4/0.28 cum | G77: 785.91 | H77: HIR 00018 | I77: As per WR Dept. (S.No.18)
B78: 75 | C78: =C77+13.62 -> 1130.32 | D78: =D77+13.09 -> 1086.51 | F78: Tipper 5.50 cum capacity per Tonne per km | G78: 8.9 | H78: HIR-00054
B79: 76 | C79: =C78+13.62 -> 1143.94 | D79: =D78+13.09 -> 1099.6 | F79: Tipper 5.50 cum per km | G79: 1361.53 | H79: HIR 00054 | I79: As per WR Dept.
B80: 77 | C80: =C79+13.62 -> 1157.56 | D80: =D79+13.09 -> 1112.69 | F80: Plate compactor/Power rammer | G80: 75 | H80: HIR-00115
B81: 78 | C81: =C80+13.62 -> 1171.18 | D81: =D80+13.09 -> 1125.78
B82: 79 | C82: =C81+13.62 -> 1184.8 | D82: =D81+13.09 -> 1138.87 | F82: Blacksmith | G82: 790 | H82: LAB-00002
B83: 80 | C83: =C82+13.62 -> 1198.42 | D83: =D82+13.09 -> 1151.96 | F83: Driller | G83: 925 | H83: LAB-00034 | I83: As per WR Dept. (S.No.34)
B84: 81 | C84: =C83+13.62 -> 1212.04 | D84: =D83+13.09 -> 1165.05 | F84: Blaster | G84: 925 | H84: LAB-00003 | I84: As per WR Dept. (S.No.3)
B85: 82 | C85: =C84+13.62 -> 1225.66 | D85: =D84+13.09 -> 1178.14 | F85: Hot mix Plant 100 to 120 TPH | G85: 32970 | H85: HIR-00085
B86: 83 | C86: =C85+13.62 -> 1239.28 | D86: =D85+13.09 -> 1191.23 | F86: Paver finisher hydrostatic with sensor control | G86: 4106 | H86: HIR-00088
B87: 84 | C87: =C86+13.62 -> 1252.9 | D87: =D86+13.09 -> 1204.32 | F87: C C Batch mix plant @ 50 cum per hour | G87: 1690.49 | H87: HIR 00011 | I87: Irigation Si. No. 11
B88: 85 | C88: =C87+13.62 -> 1266.52 | D88: =D87+13.09 -> 1217.41 | F88: Generator 100 KVA | G88: 1662 | H88: HIR-00112
B89: 86 | C89: =C88+13.62 -> 1280.14 | D89: =D88+13.09 -> 1230.5 | F89: Concrete paver finisher with 40 HP motor for paving of Concrete surface | G89: 4097 | H89: HIR-00106
B90: 87 | C90: =C89+13.62 -> 1293.76 | D90: =D89+13.09 -> 1243.59 | F90: Curing Compound / liter (irrigation) - M-090 | G90: 148 | H90: MAT-00015
B91: 88 | C91: =C90+13.62 -> 1307.38 | D91: =D90+13.09 -> 1256.68 | F91: Sealant Primer / Kg - M146 - Irrigation | G91: 186 | H91: MAT00300
B92: 89 | C92: =C91+13.62 -> 1321 | D92: =D91+13.09 -> 1269.77 | F92: Plastic sheath,1.25 mm thick for dowel bars per sqm - M138 - Irrigation | G92: 56 | H92: MAT00292
B93: 90 | C93: =C92+13.62 -> 1334.62 | D93: =D92+13.09 -> 1282.86 | F93: Joint sealant / irrigation / local (M-120) | G93: 66 | H93: MAT00275
B94: 91 | C94: =C93+13.62 -> 1348.24 | D94: =D93+13.09 -> 1295.95 | F94: Super Plastisizer Admixure (irri / M180 ) & Irrigation materials Si. No. 70 | G94: 64 | H94: MAT-00071
B95: 92 | C95: =C94+13.62 -> 1361.86 | D95: =D94+13.09 -> 1309.04 | F95: Pre moulded Joint filler, 25 mm thick for expansion joint / sqm (iiri. rate)/ M-141 | G95: 316 | H95: MAT-00295
B96: 93 | C96: =C95+13.62 -> 1375.48 | D96: =D95+13.09 -> 1322.13 | F96: Concrete joint cutting machine / hr for CC Pvmt | G96: 220
B97: 94 | C97: =C96+13.62 -> 1389.1 | D97: =D96+13.09 -> 1335.22 | F97: Texturing Machine / hour for CC Pavement | G97: 450
B98: 95 | C98: =C97+13.62 -> 1402.72 | D98: =D97+13.09 -> 1348.31 | F98: Separation Membrane of impermeable plastic sheeting 125 micron thick / sqm | G98: 15.25 | I98: Local Quotations
B99: 96 | C99: =C98+13.62 -> 1416.34 | D99: =D98+13.09 -> 1361.4 | F99: Gelatine per kg | G99: 70 | H99: MAT-00264
B100: 97 | C100: =C99+13.62 -> 1429.96 | D100: =D99+13.09 -> 1374.49 | F100: Electric Detonators / each | G100: 12 | H100: MAT-00021
...

Sheet See This
B4: All Sheets are Protected except cells which are required to modify with Green colour
B6: If needed use " dee5" as password to unprotect sheet

Sheet T-KM 
B1: CHAPTER - I
B2: Description | C2: Unit | D2: Quantity | E2: Rate Rs | F2: Cost Rs
A3: 1.4 | B3: Cost of Haulage Excluding Loading and Unloading
B4: Haulage of materials by tipper excluding cost of loading, unloading and stacking.
B5: Unit = t.km
B6: Taking output 10 tonnes load and lead 10 km = 100 t.km
B7: Surfaced Road
B8: Speed with load : 25 km / hour.
B9: Speed while Returning empty :35 km / hour.
B10: a) Machinery.
B11: Tipper 10 tonne capacity
B12: Time taken for onward haulage with load | C12: hour | D12: 0.4 | E12: =Sheet1!G56 -> 1361.53 | F12: =D12*E12 -> 544.612
B13: Time taken for empty return trip. | C13: hour | D13: 0.29 | E13: =Sheet1!G56 -> 1361.53 | F13: =D13*E13 -> 394.8437
B14: ="b) Overhead charges @"&" "&[662]INPUT!$C$333&""&" on (a)" -> b) Overhead charges @ input on (a)
B15: ="c) Contractor's profit @"&" "&[662]INPUT!$C$334&""&" on (a+b) " -> c) Contractor's profit @ input on (a+b)
B16: cost for 100 t km = a+b+c | F16: =SUM(F12:F15) -> 939.4557
B17: Rate per t.km = (a+b+c)/100 | E17: Rs. | F17: =ROUND(F16/100,1) -> 9.4

Sheet Sheet2
